 Dungeon Crawl Stone Soup version 0.30-a0-715-gdb4ae3ece1 (webtiles) character file.

Game seed: 2832510819650217753

11369215 ragingrage the Archmage (level 27, 211/211 HPs)
             Began as an Octopode Air Elementalist on Jan 22, 2023.
             Was an Initiate of Gozag.
             Escaped with the Orb
             ... and 15 runes on Jan 23, 2023!
             The game lasted 04:41:19 (145645 turns).

ragingrage the Archmage (OpAE)                    Turns: 145645, Time: 04:41:20

Health: 211/211    AC: 11    Str: 25      XL:     27
Magic:  48/48      EV: 50    Int: 37 (38) God:    Gozag
Gold:   26648      SH:  0    Dex: 24      Spells: 7/80 levels left

rFire   + + +      SeeInvis +    a - staff of air
rCold   + + +      Faith    .    (no shield)
rNeg    + + +      Spirit   .    h - +2 hat {Will+}
rPois   +          Reflect  .    V - amulet "Koechiat" {Rampage rF+ rC+ Regen+ Dex+4}
rElec   +          Harm     .    B - ring "Efafut" {Fly rPois rF+ rCorr}
rCorr   +          Rampage  +    q - ring of the Catamount {rF+ rC+ Int+4}
Will    ++++.                    Z - ring of the Tortoise {AC+8}
Stlth   +++                      t - ring of the Hare {EV+10}
HPRegen 1.35/turn                O - ring "Uduv Arch" {Fly rPois rN+++ Str+6 Int-4}
MPRegen 0.31/turn                n - ring of Leduyqeo {rElec EV+5 Str+7 Dex+3 Slay-2}
                                 K - ring "Qoerofis" {Int+6 Dex+3}
                                 b - ring "Cawaoss" {rCorr Int+5 SInv}

@: flying, studying 3 skills, bribing [the Dungeon, the Vestibule of Hell, the
Iron City of Dis, Gehenna, Cocytus, Tartarus, the Realm of Zot, the Depths]
A: almost no armour, amphibious, 8 rings, camouflage 1, gelatinous body 1,
(nimble swimmer 1), tentacles, antennae 1, cold resistance 1, deterioration 2,
low MP 1, strong-willed 1, strong 1, wild magic 1, inability to drink after
injury 1, MP-powered wands, noise suppression
0: Orb of Zot
}: 15/15 runes: decaying, serpentine, slimy, silver, golden, iron, obsidian,
icy, bone, abyssal, demonic, glowing, magical, fiery, dark
a: Renounce Religion, Potion Petition, Call Merchant, Bribe Branch


You escaped.
You worshipped Gozag.
Gozag was extremely pleased with you.
You visited 17 branches of the dungeon, and saw 87 of its levels.
You visited Pandemonium 3 times, and saw 13 of its levels.
You visited the Abyss 4 times.
You visited 1 bazaar.
You completed 1 ziggurat, and saw 27 of its levels.
You also visited: Ice Cave, Wizlab and Desolation.

You collected 79647 gold pieces.
You spent 11388 gold pieces at shops.
You paid 41611 gold pieces to Gozag.

Inventory:

Hand Weapons
 c - the +6 Majin-Bo {spellvamp, MP+6 Int+6}
   (You found it in a wizard's laboratory)

   Int:       It affects your intelligence (+6).
   MP:        It affects your magic capacity (+6).
 S - the +7 double sword of Egomania {speed, rF+}
   (You found it on level 13 of a ziggurat)

   rF:        It protects you from fire.
Missiles
 d - 4 throwing nets
 F - 17 silver javelins
Armour
 h - a +2 hat of willpower (worn)
 w - a +8 tower shield of protection
Magical Staves
 a - a staff of air (weapon)
Jewellery
 b - the ring "Cawaoss" (on tentacle) {rCorr Int+5 SInv}
   (You found it on level 18 of a ziggurat)

   [ring of see invisible]

   Int:       It affects your intelligence (+5).
   SInv:      It lets you see invisible.
   rCorr:     It protects you from acid and corrosion.
 f - the ring "Hero's Friend" {MP+9 AC+4}
   (You took it off an efreet in Pandemonium)

   [ring of protection]

   AC:        It affects your AC (+4).
   MP:        It affects your magic capacity (+9).
 j - the ring of the Bull {rCorr EV+5 Int+2 Slay+6 Stlth-}
   (You found it in Pandemonium)

   [ring of evasion]

   EV:        It affects your evasion (+5).
   Int:       It affects your intelligence (+2).
   Slay:      It affects your accuracy & damage with ranged weapons and melee
   (+6).
   rCorr:     It protects you from acid and corrosion.
   Stlth:     It makes you less stealthy.
 n - the ring of Leduyqeo (on tentacle) {rElec EV+5 Str+7 Dex+3 Slay-2}
   (You bought it in a shop on level 8 of the Dungeon)

   [ring of evasion]

   EV:        It affects your evasion (+5).
   Str:       It affects your strength (+7).
   Dex:       It affects your dexterity (+3).
   Slay:      It affects your accuracy & damage with ranged weapons and melee
   (-2).
   rElec:     It insulates you from electricity.
 q - the ring of the Catamount (right tentacle) {rF+ rC+ Int+4}
   (You found it in the Desolation of Salt)

   [ring of protection from cold]

   Int:       It affects your intelligence (+4).
   rF:        It protects you from fire.
   rC:        It protects you from cold.
 t - the ring of the Hare (on tentacle) {EV+10}
   (You found it on level 5 of the Vaults)

   [ring of evasion]

   EV:        It affects your evasion (+10).
 B - the ring "Efafut" (left tentacle) {Fly rPois rF+ rCorr}
   (You took it off a balrug in Pandemonium)

   [ring of flight]

   rF:        It protects you from fire.
   rPois:     It protects you from poison.
   Fly:       It grants you flight.
   rCorr:     It protects you from acid and corrosion.
 K - the ring "Qoerofis" (on tentacle) {Int+6 Dex+3}
   (You found it on level 10 of a ziggurat)

   [ring of intelligence]

   Int:       It affects your intelligence (+6).
   Dex:       It affects your dexterity (+3).
 O - the ring "Uduv Arch" (on tentacle) {Fly rPois rN+++ Str+6 Int-4}
   (You took it off a ragged hierophant in the Desolation of Salt)

   [ring of strength]

   Str:       It affects your strength (+6).
   Int:       It affects your intelligence (-4).
   rPois:     It protects you from poison.
   rN:        It renders you almost immune to negative energy.
   Fly:       It grants you flight.
 V - the amulet "Koechiat" (around mantle) {Rampage rF+ rC+ Regen+ Dex+4}
   (You bought it in a shop in Pandemonium)

   [amulet of regeneration]

   Dex:       It affects your dexterity (+4).
   rF:        It protects you from fire.
   rC:        It protects you from cold.
   Regen:     It increases your rate of health regeneration.
   Rampage:   It bestows one free step when moving towards enemies.
 Z - the ring of the Tortoise (on tentacle) {AC+8}
   (You found it on level 23 of a ziggurat)

   [ring of protection]

   AC:        It affects your AC (+8).
Wands
 i - a wand of roots (63)
 m - a wand of paralysis (51)
 p - a wand of quicksilver (48)
 R - a wand of mindburst (46)
 Y - a wand of digging (7)
Scrolls
 k - 12 scrolls of enchant armour
 o - 21 scrolls of blinking
 u - 16 scrolls of fear
 y - 5 scrolls of butterflies
 A - a scroll of enchant weapon
 D - 15 scrolls of magic mapping
 G - 7 scrolls of poison
 P - 8 scrolls of silence
 U - 53 scrolls of teleportation
 W - 23 scrolls of fog
Potions
 e - 13 potions of magic
 g - 23 potions of heal wounds
 l - 11 potions of attraction
 s - 27 potions of curing
 x - 29 potions of mutation
 z - 5 potions of cancellation
 E - 7 potions of ambrosia
 H - 8 potions of haste
 I - 4 potions of brilliance
 J - 5 potions of invisibility
 M - 10 potions of berserk rage
 N - 13 potions of might
 Q - 8 potions of resistance
Miscellaneous
 r - a box of beasts
 v - a condenser vane
 C - 2 +1 figurines of a ziggurat
 L - a phantom mirror
 T - a tin of tremorstones (2/2)
 X - a phial of floods


   Skills:
 + Level 23.1 Fighting
 - Level 16.0 Throwing
 - Level 24.5 Dodging
 - Level 18.0 Stealth
 - Level 21.0 Shields
 - Level 24.0 Unarmed Combat
 O Level 27 Spellcasting
 - Level 24.0 Conjurations
 - Level 5.0 Hexes
 - Level 23.0 Necromancy
 - Level 20.0 Translocations
 - Level 21.0 Transmutations
 - Level 20.0 Fire Magic
 - Level 24.0 Air Magic
 - Level 19.0 Evocations


You had 7 spell levels left.
You knew the following spells:

 Your Spells              Type           Power      Damage    Failure   Level
a - Storm Form            Tmut/Air       80%        N/A       1%          7
b - Wereblood             Tmut           100%       N/A       1%          2
c - Death Channel         Necr           68%        N/A       1%          6
d - Vhi's Electric Charg  Tloc/Air       100%       N/A       1%          3
e - Arcjolt               Conj/Air       82%        1d92      1%          5
f - Irradiate             Conj/Tmut      68%        3d34      1%          5
g - Yara's Violent Unrav  Hex/Tmut       56%        3d21      1%          5
h - Swiftness             Air            100%       N/A       1%          3
i - Manifold Assault      Tloc           100%       N/A       1%          4
j - Chain Lightning       Conj/Air       82%        3d110     3%          9
k - Disjunction           Tloc           65%        N/A       1%          8
l - Necromutation         Tmut/Necr      67%        N/A       1%          8
m - Ignition              Fire           65%        3d17      1%          8

Your spell library contained the following spells:

 Spells                   Type           Power      Damage    Failure   Level
 Apportation              Tloc           100%       N/A       1%          1
 Beastly Appendage        Tmut           100%       N/A       1%          1
 Freeze                   Ice            100%       1d10      1%          1
 Kiss of Death            Conj/Necr      100%       2d13      1%          1
 Magic Dart               Conj           100%       1d8       1%          1
 Necrotise                Necr           100%       1d9       1%          1
 Sandblast                Erth           100%       2d20      1%          1
 Shock                    Conj/Air       100%       1d9       1%          1
 Slow                     Hex            100%       N/A       1%          1
 Sting                    Tmut/Pois      100%       1d8       1%          1
 Summon Small Mammal      Summ           100%       N/A       1%          1
 Blink                    Tloc           100%       N/A       1%          2
 Call Imp                 Summ           60%        N/A       1%          2
 Cigotuvi's Dreadful Rot  Necr/Pois/Air  100%       N/A       1%          2
 Ensorcelled Hibernation  Hex/Ice        100%       N/A       1%          2
 Lesser Beckoning         Tloc           100%       N/A       1%          2
 Momentum Strike          Conj/Tloc      100%       3d10      1%          2
 Passwall                 Tmut/Erth      87%        N/A       1%          2
 Poisonous Vapours        Pois/Air       100%       N/A       1%          2
 Scorch                   Fire           100%       2d10      1%          2
 Searing Ray              Conj           100%       2d8       1%          2
 Static Discharge         Conj/Air       100%       2-7/arc   1%          2
 Sublimation of Blood     Necr           100%       N/A       1%          2
 Confusing Touch          Hex            85%        N/A       1%          3
 Dazzling Flash           Conj/Hex       100%       N/A       1%          3
 Gell's Gravitas          Tloc           100%       N/A       1%          3
 Hailstorm                Conj/Ice       100%       3d20      1%          3
 Ignite Poison            Fire/Tmut/Pois 100%       N/A       1%          3
 Inner Flame              Hex/Fire       100%       N/A       1%          3
 Kindle Blastsparks       Fire/Tloc/Air  100%       2d18      1%          3
 Mephitic Cloud           Conj/Pois/Air  100%       N/A       1%          3
 Portal Projectile        Hex/Tloc       100%       N/A       1%          3
 Spider Form              Tmut/Pois      100%       N/A       1%          3
 Stone Arrow              Conj/Erth      100%       3d13      1%          3
 Summon Guardian Golem    Hex/Summ       73%        N/A       1%          3
 Teleport Other           Tloc           100%       N/A       1%          3
 Tukima's Dance           Hex            85%        N/A       1%          3
 Vampiric Draining        Necr           100%       2d13      1%          3
 Airstrike                Air            82%        2d(12-28) 1%          4
 Anguish                  Hex/Necr       57%        N/A       1%          4
 Cause Fear               Hex            42%        N/A       1%          4
 Dispel Undead            Necr           100%       3d31      1%          4
 Flame Wave               Conj/Fire      100%       2d21      1%          4
 Fulminant Prism          Conj/Hex       58%        3d24      1%          4
 Ice Form                 Ice/Tmut       100%       N/A       1%          4
 Iskenderun's Mystic Bla  Conj/Tloc      100%       2d19      1%          4
 Passage of Golubria      Tloc           100%       N/A       1%          4
 Petrify                  Tmut/Erth      100%       N/A       1%          4
 Sticky Flame             Conj/Fire      100%       2d11      1%          4
 Summon Lightning Spire   Summ/Air       100%       N/A       1%          4
 Agony                    Necr           100%       N/A       1%          5
 Alistair's Intoxication  Tmut/Pois      70%        N/A       1%          5
 Blade Hands              Tmut           66%        N/A       1%          5
 Borgnjor's Vile Clutch   Necr/Erth      54%        N/A       1%          5
 Fireball                 Conj/Fire      67%        3d25      1%          5
 Freezing Cloud           Conj/Ice/Air   72%        6-21      1%          5
 Iskenderun's Battlesphe  Conj           100%       2d15      1%          5
 Lightning Bolt           Conj/Air       82%        1d110     1%          5
 Silence                  Hex/Air        70%        N/A       1%          5
 Summon Forest            Summ/Tloc      51%        N/A       1%          5
 Conjure Ball Lightning   Conj/Air       82%        3x3d31    1%          6
 Dispersal                Tloc           65%        N/A       1%          6
 Eringya's Noxious Bog    Tmut/Pois      52%        N/A       1%          6
 Iron Shot                Conj/Erth      55%        9d10      1%          6
 Statue Form              Tmut/Erth      70%        N/A       1%          6
 Dragon Form              Tmut           66%        N/A       1%          7
 Orb of Destruction       Conj           69%        9d16      1%          7
 Call Canine Familiar     Summ           60%        N/A       2%          3
 Frozen Ramparts          Ice            100%       1d16      2%          3
 Ozocubu's Armour         Ice            60%        N/A       2%          3
 Leda's Liquefaction      Hex/Erth       36%        N/A       2%          4
 Spellforged Servitor     Conj/Summ      55%        N/A       4%          7
 Olgreb's Toxic Radiance  Pois           60%        N/A       6%          4
 Summon Ice Beast         Ice/Summ       60%        N/A       6%          4
 Metabolic Englaciation   Hex/Ice        36%        N/A       6%          5
 Summon Mana Viper        Hex/Summ       73%        N/A       6%          5
 Malign Gateway           Summ/Tloc      51%        N/A       9%          7
 Lee's Rapid Deconstruct  Erth           30%        3d16*     16%         5
 Enfeeble                 Hex            42%        N/A       47%         7
 Summon Cactus Giant      Summ           30%        N/A       58%         6
 Monstrous Menagerie      Summ           30%        N/A       98%         7
 Ozocubu's Refrigeration  Ice            30%        4d14      98%         7
 Summon Hydra             Summ           30%        N/A       98%         7
 Borgnjor's Revivificati  Necr           68%        N/A       1%          8
 Maxwell's Capacitive Co  Air            82%        ∞         1%          8
 Death's Door             Necr           68%        N/A       5%          9
 Fire Storm               Conj/Fire      67%        8d17      8%          9
 Lehudib's Crystal Spear  Conj/Erth      55%        10d13     26%         8
 Discord                  Hex            42%        N/A       98%         8
 Summon Horrible Things   Summ           30%        N/A       100%        8
 Dragon's Call            Summ           30%        N/A       100%        9
 Polar Vortex             Ice            30%        N/A       100%        9
 Shatter                  Erth           30%        3d25*     100%        9
 Animate Dead             Necr           Unusable   N/A       N/A         4
 Simulacrum               Ice/Necr       Unusable   N/A       N/A         6
 Animate Armour           Summ/Erth      Unusable   N/A       N/A         4

Dungeon Overview and Level Annotations

Branches:
Dungeon (15/15)              Lair (5/5) D:10          Swamp (4/4) Lair:3
  Snake (4/4) Lair:2        Slime (5/5) Lair:4          Orc (2/2) D:10
    Elf (3/3) Orc:2        Vaults (5/5) D:14          Crypt (3/3) Vaults:3
   Tomb (3/3) Crypt:3      Depths (4/4) D:15           Hell (visited)
    Dis (7/7) Hell            Geh (7/7) Hell            Coc (7/7) Hell
    Tar (7/7) Hell            Zot (5/5) Depths:4      IceCv (visited)
 WizLab (visited)         Desolation (visited)
 Temple: D:4-7

Altars:
Ashenzari
Gozag
Hepliaklqana
Kikubaaqudgha
Makhleb
Okawaru
Ru
Trog
Uskayaw
Wu Jian
Xom
Zin
The Shining One
Jiyva

Shops:
D:8 =   D:9 =   D:10 *   D:15 (   Orc:2 =*[(   Elf:2 (   Elf:3 !   Snake:1 (
Depths:2 =??=   Depths:3 ??*?   Depths:4 (:

Portals:
Hell: Depths:1 Depths:2 Depths:3 Depths:4
Abyss: Depths:2 Depths:3 Depths:4
Pandemonium: Depths:1 Depths:2

Annotations:
D:3 exclusion: downstairs
D:6 exclusion: downstairs
D:9 exclusion: downstairs
Lair:3 2 transporters, Kithraux's ghost, journeyman TrAr
Swamp:2 2 runed translucent doors, arthad's ghost, journeyman FeSu
Snake:1 exclusion: downstairs
Elf:2 3 runed translucent doors
Geh:7 Serpent of Hell


Innate Abilities, Weirdness & Mutations

You cannot wear most types of armour.
You are amphibious.
You can wear up to eight rings at the same time.
Your skin changes colour to match your surroundings (Stealth+).
Your rubbery body absorbs attacks. (AC +1, EV +1)
((You are camouflaged when in or above water. (Stealth+)))
You have tentacles for arms and can constrict up to eight enemies at once.
You have a pair of small antennae on your head.
Your flesh is cold resistant. (rC+)
Your body often deteriorates upon taking damage.
Your magical capacity is low. (-10% MP)
You are strong-willed. (Will+)
Your muscles are strong. (Str +4, Int/Dex -1)
Your spells are a little harder to cast, but a little more powerful.
You occasionally lose the ability to drink potions when taking damage.
You expend magic power (3 MP) to strengthen your wands.
You passively dampen the noise of your surroundings.


Message History

Your staff of air melds into your body.
Your +2 hat of willpower melds into your body.
You feel less strong-willed.
A hell hound comes into view.
The hell hound barks!
You rampage towards the hell hound!
A hell hound comes into view.
The hell hound completely misses you.
There is an escape hatch in the ceiling here.
You hit the hell hound but do no damage.
The hell hound completely misses you. The hell hound breathes flames at you.
The blast of flame hits the hell hound.
The hell hound completely resists.
The blast of flame misses you. A mysterious force pulls you upwards.
The hatch slams shut behind you.
You closely miss the hell hound. The hell hound completely misses you.
You hit the hell hound. You punch the hell hound!
The hell hound is heavily wounded.
You blast the hell hound!!!!
You kill the hell hound!
You now have 26648 gold pieces (gained 9).
(D) Dungeon (L) Lair (S) Swamp (P) Snake Pit (M) Slime Pits (O) Orcish Mines (E) Elven Halls (V) Vaults (C) Crypt (W) Tomb (U) Depths (H) Hell (I) Dis (G) Gehenna (X) Cocytus (Y) Tartarus (Z) Zot
Where to? (Enter - D:1 @ (x,y), ? - help)
What level of the Dungeon? (default 1, ? - help) Magic restored.
There is an open door here.
There is a stone staircase leading up here.
You fly upwards.
There is a stone staircase leading down here.
Your transformation is almost over.
Your transformation has ended.
Your staff of air unmelds from your body.
Your +2 hat of willpower unmelds from your body.
You feel strong-willed.
There is a staircase leading out of the dungeon here.
You have escaped!

#.## ##.###...#....##... #..#
#..##...##....##### ##.#
#......###....# ### ...##
#.....## #....###.. ....##
#..[.## #######... .....#
#.....## #.#. ...#.#######
#......####### #.#. ...#..#....#
#............###.## ...##.#....#
#.@....#####..#..# ...##.#....#
#......# ##.#.## ...##.#.(..#
######## ###...# ...##.#....# #^#
##...### #####......### #.#
#..### ....###......# #>#
###.########
....########.#########...##......
.................>.....####......
...)###########.#.###### #...(..


There were no monsters in sight!

Vanquished Creatures
  Cerebov (Pan)
  Asmodeus (Geh:7)
  Antaeus (Coc:7)
  Ereshkigal (Tar:7)
  the Royal Jelly (Slime:5)
  Ignacio (Pan)
  Mnoleg (Pan)
  Lom Lobon (Pan)
  7 dread liches
  11 ancient liches
  5 orbs of fire
  Khufu (Tomb:3)
  Mennas (Pan)
  Mara (Vaults:3)
  2 juggernauts
  33 pandemonium lords
  Sojobo (Crypt:1)
  30 royal mummies
  22 Killer Klowns
  24 shard shrikes
  Vv (Zot:3)
  Bai Suzhen (Crypt:2)
  44 caustic shrikes
  Geryon (Hell)
  2 curse toes
  27 golden dragons
  Hellbinder (WizLab)
  7 profane servitors
  33 bone dragons
  17 Brimstone Fiends
  12 doom hounds
  32 Tzitzimimeh
  20 Hell Sentinels
  8 iron giants
  3 electric golems (Zot:5)
  18 tentacled monstrosities
  16 hellephants
  Zenata (Vaults:1)
  26 tainted leviathans
  A shard shrike skeleton (Crypt:3)
  9 liches
  Jorgrun (D:15)
  21 Ice Fiends
  Grunn (Zot:3)
  Asterion (Depths:1)
  8 deep elf blademasters
  16 acid blobs
  19 titans
  27 Orb Guardians
  5 deep elf master archers
  15 searing wretches
  37 Executioners
  2 walking divine tomes (Depths:2)
  Murray (Hell)
  4 death cobs
  21 ancient champions
  6 tentacled starspawn
  18 quicksilver dragons
  2 sphinxes (shapeshifter) (Zig:25)
  25 sphinxes
  15 tengu reavers
  3 thorn hunters
  Roxanne (Snake:1)
  Donald (Vaults:4)
  3 draconian monks (Zot:3)
  7 demonspawn warmongers (Pan)
  34 storm dragons
  A shadow dragon (shapeshifter) (Zig:15)
  13 azure jellies
  7 revenants
  22 fire giants
  7 nagarajas
  15 frost giants
  2 fenstrider witches (shapeshifter)
  13 shadow dragons
  3 frost giants (shapeshifter) (Zig:25)
  3 draconian knights
  7 rockslimes
  Aizul (Snake:2)
  4 daevas
  4 spectral caustic shrikes
  5 emperor scorpions
  An emperor scorpion (shapeshifter) (Zig:25)
  16 narguns
  An iron dragon (shapeshifter) (Zig:25)
  78 balrugs
  2 draconian scorchers
  25 vault wardens
  14 quicksilver elementals
  6 deep elf sorcerers
  2 fire giants (shapeshifter) (Zig:25)
  Louise (D:15)
  2 spectral juggernauts
  6 shard shrike simulacra
  4 deep elf elementalists (Elf:3)
  6 angels
  13 iron dragons
  2 draconian shifters
  A ghost moth (shapeshifter) (Vaults:5)
  An imperial myrmidon (Desolation)
  3 draconian stormcallers
  25 ghost moths
  3 orc warlords
  59 very ugly things
  10 curse skulls
  21 ironbound preservers
  13 ghouls
  26 war gargoyles
  A caustic shrike skeleton (Crypt:2)
  A spriggan defender (Depths:2)
  24 stone giants
  6 ophanim (Zig:11)
  13 demonspawn corrupters
  2 stone giants (shapeshifter)
  A juggernaut skeleton (Crypt:1)
  A broodmother (shapeshifter) (Zig:15)
  7 ironbound thunderhulks
  21 cacodemons
  4 quicksilver oozes
  12 draconian annihilators
  6 broodmothers
  32 reapers
  A rockslime zombie (Crypt:1)
  13 demonspawn blood saints (Pan)
  21 elemental wellsprings
  14 bennus
  13 demonspawn black suns
  12 wendigos
  6 deep elf annihilators
  13 vampire knights
  11 deep elf demonologists
  11 yellow draconians
  A dire elephant (shapeshifter) (Zig:25)
  2 eleionomae
  14 lorocyprocas
  50 putrid mouths
  Azrael (D:15)
  12 black draconians
  7 white draconians
  5 bunyips
  7 green draconians
  11 purple draconians
  10 red draconians
  2 spectral titans
  12 dire elephants
  13 spark wasps
  2 halazid warlocks (Desolation)
  18 eidola
  21 blizzard demons
  26 mummy priests
  17 ettins
  A quicksilver dragon zombie (Hell)
  21 iron golems
  Snorg (Lair:5)
  5 crystal guardians
  11 deep elf death magi
  2 spectral quicksilver dragons
  29 green deaths
  3 merfolk javelineers
  2 merfolk impalers
  4 jiangshi
  Josephine (D:13)
  12 great orbs of eyes
  5 spectral spriggans
  7 ragged hierophants (Desolation)
  26 entropy weavers
  A kraken zombie (Hell)
  5 spriggan zombies
  32 vault guards
  3 shambling mangroves
  A merfolk avatar (Lair:5)
  11 deep elf high priests
  18 yaktaur captains
  A quicksilver dragon skeleton (Crypt:3)
  19 fire dragons
  11 peacekeepers
  4 caustic shrike simulacra
  20 hydras
  2 hell beasts
  10 rakshasas
  The ghost of Lobster4 the Frost Mage, a journeyman MfIE of Nemelex Xobeh (Lair:1)
  10 juggernaut simulacra
  13 salamander tyrants
  4 spriggan air magi
  2 spriggan skeletons
  7 servants of whispers (Desolation)
  A fenstrider witch skeleton (Pan)
  4 ogre magi
  A radroach (shapeshifter) (Depths:2)
  6 anacondas
  An Orb Guardian zombie (Crypt:2)
  2 jorogumos (Zig:24)
  Erolcha (D:11)
  3 stokers
  18 ice dragons
  A catoblepas (D:13)
  8 deep troll earth magi
  2 death knights
  2 radroaches (Zig:26)
  7 two-headed ogres
  3 two-headed ogres (shapeshifter)
  11 centaur warriors
  5 ironbound frosthearts
  3 ghost crabs
  2 alligator snapping turtles (Zig:10)
  6 boulder beetles
  109 death scarabs
  6 death yaks (Lair:4)
  24 dancing weapons
  A death yak (shapeshifter) (Vaults:5)
  11 naga warriors
  4 satyrs
  12 alligators
  7 tengu warriors
  46 hell hogs
  14 deep troll shamans
  6 orc high priests
  A spectral storm dragon (Tar:1)
  10 naga sharpshooters
  6 thrashing horrors
  14 vampire magi
  8 shock serpents
  18 hell knights
  6 wretched stars
  3 spectral dire elephants
  6 spriggan berserkers
  16 spriggans
  10 crystal echidnas
  2 storm dragon zombies
  12 deep elf knights
  2 spectral anacondas
  14 iron trolls
  146 sun demons
  A death drake (shapeshifter) (Vaults:5)
  43 soul eaters
  9 flayed ghosts
  24 sixfirhies
  A storm dragon skeleton (Pan)
  Amaemon (Lair:3)
  3 sea snakes
  37 shadow wraiths
  A salamander mystic (Snake:4)
  13 skeletal warriors
  7 goliath frogs
  16 pharaoh ants
  4 quicksilver dragon simulacra
  A bunyip zombie (Crypt:1)
  3 anaconda zombies
  A spatial maelstrom (Zig:12)
  A deep troll (shapeshifter) (Zig:16)
  A fire crab (shapeshifter) (D:13)
  10 spriggan druids
  19 orb spiders
  A cherub (Zig:11)
  3 orb spiders (shapeshifter)
  5 death drakes
  A glowing orange brain (shapeshifter) (Zig:14)
  69 deep trolls
  8 bog bodies
  A swamp dragon (shapeshifter) (Vaults:5)
  5 spriggan simulacra
  3 glowing orange brains
  5 naga ritualists
  A spectral iron dragon (Tar:2)
  A sea snake (shapeshifter) (Depths:4)
  A steelbarb worm (shapeshifter) (Zig:6)
  19 swamp dragons
  25 shadow demons
  An orange crystal statue (Zig:3)
  A harpy (Lair:5)
  35 starcursed masses
  A sphinx zombie (Crypt:2)
  12 deep elf archers
  7 steelbarb worms
  28 ironbound convokers
  4 lindwurms (shapeshifter)
  A bunyip skeleton (Tomb:3)
  2 lindwurms (Vaults:2)
  A tengu zombie (Vaults:2)
  A wolf spider (shapeshifter) (Vaults:5)
  15 orc knights
  4 obsidian statues
  10 wizards
  2 iron giant skeletons (Pan)
  36 deep elf pyromancers
  A harpy (shapeshifter) (Zig:25)
  10 phantasmal warriors
  9 mana vipers
  62 ugly things
  Pikel (D:8)
  23 deep elf zephyrmancers
  10 wolf spiders
  7 cyclopes
  A faun (shapeshifter) (Depths:3)
  2 shadow dragon skeletons (Crypt:2)
  2 human zombies
  15 necromancers
  6 worldbinders
  2 orc sorcerers
  13 salamanders
  3 manticores
  A moth of wrath (shapeshifter) (Zig:13)
  A manticore (shapeshifter) (Depths:4)
  11 will-o-the-wisps
  2 human skeletons (Vaults:3)
  4 spectral centaurs
  41 moths of wrath
  9 shining eyes
  A sphinx skeleton (Vaults:2)
  A dire elephant zombie (Crypt:1)
  6 fauns
  3 water nymphs
  An elephant (shapeshifter) (Zig:25)
  28 elephants
  9 naga magi
  A torpor snail (shapeshifter) (Zig:13)
  60 smoke demons
  11 molten gargoyles
  4 eyes of devastation
  21 guardian serpents
  2 stone giant skeletons
  3 water nymphs (shapeshifter)
  10 rust devils
  21 vault sentinels
  6 titan simulacra
  31 demonic crawlers
  7 ice statues
  2 naga zombies
  A black mamba (shapeshifter) (Abyss:2)
  10 apocalypse crabs
  2 dire elephant skeletons
  39 black mambas
  10 torpor snails
  2 merfolk sirens (Zig:10)
  31 orange demons
  31 hellions
  A catoblepas zombie (Crypt:1)
  3 gargoyles (D:12)
  A centaur skeleton (Pan)
  9 freezing wraiths
  8 cane toads
  A green draconian zombie (Crypt:1)
  8 efreet (Pan)
  3 kobold demonologists
  7 unseen horrors
  A naga skeleton (Pan)
  25 ice devils
  41 yaktaurs
  21 rime drakes
  2 sea snake zombies (Hell)
  2 komodo dragons (shapeshifter)
  2 yaktaurs (shapeshifter)
  5 ancient zymes
  4 iron giant simulacra
  9 komodo dragons
  5 tengu conjurers
  9 anaconda simulacra
  2 catoblepas skeletons
  A merfolk (Zig:10)
  A bunyip simulacrum (Coc:1)
  3 silent spectres
  40 guardian mummies
  7 red devils
  7 spectral nagas
  2 alligator snapping turtle skeletons
  A troll (shapeshifter) (Abyss:2)
  A green draconian skeleton (Crypt:3)
  A meliai (Zig:24)
  34 tormentors
  3 golden dragon simulacra
  A harpy zombie (Crypt:1)
  5 spectral harpies
  5 bloated husks
  2 hydra zombies (Hell)
  5 wind drakes
  A polar bear (shapeshifter) (Zig:23)
  3 meliai (shapeshifter)
  34 hellwings
  7 tyrant leeches
  A wind drake (shapeshifter) (Zig:23)
  6 trolls
  A hornet (shapeshifter) (D:15)
  4 polar bears
  18 hornets
  A blink frog (shapeshifter) (Elf:2)
  2 snapping turtles (Zig:10)
  A hydra skeleton (Hell)
  72 saltlings (Desolation)
  10 tarantellas
  5 harpy skeletons
  A frost giant simulacrum (Vaults:3)
  A dream sheep (shapeshifter) (Zig:14)
  16 dream sheep
  15 raiju
  2 iron dragon simulacra
  A human simulacrum (Hell)
  6 culicivoras
  8 jumping spiders
  89 slime creatures
  A slime creature (shapeshifter) (Zig:13)
  2 centaur simulacra
  A fire dragon skeleton (Crypt:2)
  41 flying skulls
  A jumping spider (shapeshifter) (D:15)
  A shadow (D:9)
  10 water elementals
  5 air elementals
  An ettin skeleton (Pan)
  11 dire elephant simulacra
  An ice dragon skeleton (Pan)
  50 ynoxinuls
  2 naga simulacra
  3 basilisks
  2 vampires
  11 wraiths
  9 wyverns
  A basilisk (shapeshifter) (D:13)
  52 yaks
  A culicivora (shapeshifter) (Zig:25)
  13 golden eyes
  28 ushabtiu
  10 redbacks
  67 large abominations
  11 vampire mosquitoes
  10 steam dragons
  9 humans
  A redback (shapeshifter) (Zig:16)
  4 swamp worm simulacra (Swamp:4)
  19 neqoxecs
  10 fire elementals
  47 chaos spawn
  16 harpy simulacra
  A fire bat zombie (Crypt:3)
  13 water moccasins
  21 hydra simulacra
  32 nagas
  4 acid dragons
  17 swamp worms
  12 hell hounds
  A faun skeleton (Crypt:3)
  A floating eye (Pan)
  2 floating eyes (shapeshifter)
  3 black bears
  12 ice beasts
  40 orc warriors
  7 swamp drakes
  A black bear (shapeshifter) (D:13)
  21 ogres
  3 ettin simulacra
  2 ice dragon simulacra
  A sky beast (D:7)
  A snapping turtle skeleton (Crypt:2)
  5 boggarts (Vaults:3)
  3 wolves (D:10)
  9 centaurs
  5 small abominations
  4 lemures (D:8)
  A phantom (D:6)
  A torpor snail zombie (Crypt:3)
  4 kobold brigands
  An elf zombie (Crypt:1)
  16 bullfrogs
  A gnoll sergeant (D:7)
  3 earth elementals
  7 necrophages
  2 scorpions
  8 wights (D:8)
  6 killer bees
  8 electric eels
  6 howler monkeys
  A lindwurm simulacrum (IceCv)
  A crimson imp (Abyss:2)
  4 komodo dragon simulacra (IceCv)
  5 quasits
  A hound (D:4)
  A gnoll bouda (D:7)
  5 jellies
  27 orc priests
  4 water moccasin simulacra (Lair:1)
  7 iguanas
  19 orc wizards
  4 hell rats (Hell)
  4 lightning spires (Zig:23)
  A killer bee zombie (Crypt:1)
  2 bullfrog simulacra (Lair:1)
  A deep dwarf skeleton (Crypt:3)
  An acid dragon skeleton (Crypt:1)
  A hound zombie (Crypt:1)
  66 mummies
  9 gnolls (D:7)
  A howler monkey skeleton (Crypt:3)
  2 acid dragon simulacra (IceCv)
  6 adders
  A steam dragon skeleton (Crypt:2)
  6 shadow imps
  22 white imps
  4 swamp drake simulacra (Swamp:4)
  6 ufetubi
  5 steam dragon simulacra (IceCv)
  A worm zombie (Crypt:2)
  2 dart slugs
  115 orcs
  14 endoplasms
  8 giant cockroaches
  7 goblins
  10 hobgoblins
  3 jackals (D:5)
  20 kobolds
  4 quokkas
  8 ball pythons
  7 bats
  3 frilled lizards
  A giant cockroach zombie (Crypt:3)
  A kobold skeleton (Crypt:1)
  3 rats
  11 briar patches
  A butterfly (Lair:2)
  6 creeping infernos
  31 fire vortices
  4 pillars of salt (Vaults:1)
  6 starspawn tentacles
  2 tentacles (Hell)
5460 creatures vanquished.

Vanquished Creatures (collateral kills)
  Gloorx Vloq (Pan)
  Dispater (Dis:7)
  2 dread liches
  2 royal mummies (Tomb:3)
  2 shard shrikes (Coc:7)
  2 Killer Klowns (Zig:14)
  7 caustic shrikes
  2 golden dragons
  A bone dragon (Zig:27)
  A Tzitzimitl (Zig:14)
  4 hellephants (Geh:7)
  3 Hell Sentinels (Dis:7)
  2 deep elf blademasters (Zig:21)
  A titan (Coc:6)
  2 searing wretches
  An ancient champion (Dis:6)
  2 sphinxes (Zig:16)
  A thorn hunter (Zig:17)
  3 shadow dragons
  4 storm dragons
  3 narguns (Coc:7)
  A tengu reaver (Zig:16)
  A fenstrider witch (shapeshifter) (Zig:15)
  A fire giant (Geh:7)
  3 iron dragons
  2 curse skulls (Zig:27)
  5 balrugs
  A very ugly thing (Zig:6)
  An angel (Zig:11)
  A stone giant (Zig:13)
  2 deep elf demonologists (Zig:21)
  A lorocyproca (WizLab)
  6 elemental wellsprings
  2 eleionomae (Zig:17)
  An apis (Zig:11)
  A bunyip (Zig:17)
  A green death (Pan)
  A deep elf high priest (Zig:21)
  2 yaktaur captains
  4 fire dragons
  6 ice dragons
  4 salamander tyrants (Geh:7)
  3 juggernaut simulacra
  A merfolk aquamancer (Zig:10)
  An anaconda (shapeshifter) (Zig:15)
  A dancing weapon (Zig:21)
  2 death scarabs (Tomb:3)
  A hell hog (Geh:7)
  A crystal echidna (Dis:5)
  2 deep elf knights (Zig:21)
  A goliath frog (Zig:7)
  A sea snake (Zig:10)
  A spriggan druid (Zig:17)
  4 death drakes
  A swamp dragon (Zig:19)
  An ironbound convoker (Zig:13)
  3 wizards (Pan)
  A deep elf zephyrmancer (Zig:21)
  4 deep elf pyromancers (Zig:21)
  2 deep elf archers (Zig:21)
  A wolf spider (Zig:9)
  A faun (Zig:10)
  A titan simulacrum (Coc:6)
  A molten gargoyle (Geh:7)
  An eye of devastation (shapeshifter) (Zig:16)
  A hellion (Geh:7)
  A rime drake (Zig:19)
  A freezing wraith (Coc:7)
  A tormentor (Dis:7)
  2 guardian mummies (Tomb:3)
  A red devil (WizLab)
  A wind drake (Zig:19)
  2 tarantellas (Zig:9)
  An air elemental (Zig:21)
  A culicivora (Zig:9)
  A water elemental (Zig:10)
  A fire elemental (Zig:21)
  A small abomination (D:11)
  3 wyverns
  4 steam dragons
  2 harpy simulacra
  4 acid dragons
  A hydra simulacrum (Coc:4)
  4 swamp drakes (Zig:20)
  A centaur (Zig:4)
  2 ball lightnings (Pan)
  A briar patch (Zig:17)
  A creeping inferno (Geh:7)
  6 fire vortices
174 creatures vanquished.

Vanquished Creatures (others)
  A caustic shrike (Dis:6)
  2 Brimstone Fiends (Geh:7)
  2 iron giants
  5 Hell Sentinels
  5 searing wretches (Geh:7)
  An eldritch tentacle (Pan)
  An ancient champion (Dis:6)
  3 fire giants (Geh:7)
  3 balrugs (Geh:7)
  3 quicksilver elementals
  3 war gargoyles (Dis:7)
  An elemental wellspring (Coc:7)
  A blizzard demon (Pan)
  2 iron golems (Dis:6)
  5 salamander tyrants (Geh:7)
  A caustic shrike simulacrum (Coc:3)
  2 stokers
  2 crystal echidnas (Dis:7)
  A cherub (Zig:11)
  A wizard (Vaults:4)
  3 deep elf zephyrmancers
  6 molten gargoyles (Geh:7)
  3 hellions
  2 tormentors (Dis:6)
  4 hornets
  A saltling (Desolation)
  2 spriggans
  A water elemental (Zig:21)
  A swamp worm (Swamp:4)
  A harpy simulacrum (Coc:5)
  4 ball lightnings (Pan)
  A briar patch (Abyss:3)
  3 creeping infernos
  5 fire vortices
  11 foxfires
  55 fungi
  99 plants
  6 starspawn tentacles
  2 tentacles (Hell)
  3 withered plants (Desolation)
258 creatures vanquished.

Grand Total: 5892 creatures vanquished

Notes
Turn   | Place    | Note
-------+----------+-------------------------------------------
     0 | D:1      | ragingrage the Octopode Air Elementalist began the quest
                  | for the Orb.
     0 | D:1      | Reached XP level 1. HP: 11/11 MP: 3/3
   170 | D:1      | Reached XP level 2. HP: 11/17 MP: 0/5
   635 | D:1      | Learned a level 2 spell: Static Discharge
   935 | D:1      | Reached XP level 3. HP: 21/21 MP: 2/6
  1431 | D:2      | Learned a level 3 spell: Swiftness
  2121 | D:2      | Reached XP level 4. HP: 27/27 MP: 3/7
  2566 | D:3      | Found a hide-covered altar of Uskayaw.
  3135 | D:3      | Reached XP level 5. HP: 17/31 MP: 1/8
  3683 | D:3      | Found an iron altar of Okawaru.
  4101 | D:4      | Reached XP level 6. HP: 36/36 MP: 4/9
  4557 | D:4      | Reached skill level 5 in Stealth
  4601 | D:4      | Reached skill level 5 in Air Magic
  4787 | D:4      | Learned a level 4 spell: Airstrike
  4832 | D:4      | Reached XP level 7. HP: 41/41 MP: 5/11
  4960 | D:4      | Reached skill level 3 in Spellcasting
  5664 | D:5      | Entered Level 5 of the Dungeon
  6358 | D:5      | Reached XP level 8. HP: 46/46 MP: 4/13
  7045 | D:6      | Reached skill level 4 in Spellcasting
  7448 | D:6      | Reached skill level 5 in Spellcasting
  7581 | D:6      | Reached XP level 9. HP: 40/51 MP: 9/16
  8345 | D:7      | Reached skill level 10 in Air Magic
  8612 | D:7      | Reached skill level 1 in Evocations
  8809 | D:7      | Reached skill level 1 in Fighting
  9071 | D:7      | Found a sacrificial altar of Ru.
  9460 | D:7      | Found a bloodstained altar of Trog.
  9468 | D:7      | Found an opulent altar of Gozag.
  9470 | D:7      | Found a shimmering altar of Xom.
  9471 | D:7      | Found a hazy altar of Hepliaklqana.
  9471 | D:7      | Found a burning altar of Makhleb.
  9472 | D:7      | Found an ancient bone altar of Kikubaaqudgha.
  9473 | D:7      | Found a glowing golden altar of the Shining One.
  9594 | D:7      | Became a worshipper of Gozag Ym Sagoz the Greedy
 10195 | D:8      | Noticed Pikel
 10200 | D:8      | Killed Pikel
 10431 | D:8      | Reached XP level 10. HP: 58/62 MP: 0/17
 10923 | D:8      | Found an ornate altar of the Wu Jian Council.
 11195 | D:8      | Found Rergh's Jewellery Emporium.
 12265 | D:9      | Found Upuimilo's Jewellery Emporium.
 12324 | D:9      | Bought a +4 ring of protection for 540 gold pieces
 12343 | D:9      | Found a broken altar of Ashenzari.
 13017 | D:9      | Reached skill level 5 in Dodging
 13017 | D:9      | Reached skill level 5 in Evocations
 13593 | D:10     | Entered Level 10 of the Dungeon
 13852 | D:10     | Reached skill level 5 in Fighting
 13852 | D:10     | Reached XP level 11. HP: 71/71 MP: 1/18
 15029 | D:10     | Noticed a two-headed ogre
 15793 | D:9      | Bought the ring "Noimon" {Wiz Will+ Int+3} for 733 gold
                  | pieces
 15842 | D:10     | Found a staircase to the Lair.
 15855 | D:10     | Found a staircase to the Orcish Mines.
 15871 | D:10     | Reached skill level 10 in Stealth
 16690 | D:10     | Killed a two-headed ogre
 17220 | D:10     | Found the +8 frozen axe "Frostbite" {freeze, freezing
                  | cloud, *Noise Fly rC+}
 17641 | D:11     | Noticed Erolcha
 17641 | D:11     | Noticed a two-headed ogre
 18005 | D:11     | Noticed a two-headed ogre
 18060 | D:11     | Killed a two-headed ogre
 18170 | D:12     | Noticed a two-headed ogre
 18538 | D:11     | Killed Erolcha
 18539 | D:11     | Killed a two-headed ogre
 18540 | D:11     | Reached XP level 12. HP: 81/81 MP: 11/19
 18661 | D:11     | Identified the +1 helmet of Qazlal's Condemnation {-Cast
                  | rF++ rN+ SInv}
 18663 | D:11     | Noticed a two-headed ogre
 18670 | D:11     | Killed a two-headed ogre
 19165 | D:12     | Killed a two-headed ogre
 19315 | Lair:1   | Entered Level 1 of the Lair of Beasts
 19431 | Lair:1   | Identified 2 scrolls of acquirement
 19434 | Lair:1   | Acquired the ring "Nodehy" {rC+ Int+3}
 19436 | Lair:1   | Acquired a staff of air
 19824 | Lair:1   | Found a runed translucent gate.
 19824 | Lair:1   | Found a runed translucent gate.
 19824 | Lair:1   | Found a runed translucent gate.
 20199 | Lair:1   | Noticed Lobster4's ghost (journeyman MfIE)
 22687 | Lair:2   | Found a staircase to the Snake Pit.
 22794 | Lair:2   | Got Cuti Kie's Dissertation on the Syncline
 23212 | Lair:3   | Noticed Amaemon
 23379 | Lair:2   | Reached skill level 6 in Spellcasting
 23379 | Lair:2   | Reached XP level 13. HP: 90/90 MP: 4/22
 23645 | Lair:3   | Killed Amaemon
 23691 | Lair:3   | Found a transporter.
 23691 | Lair:3   | Noticed Kithraux's ghost (journeyman TrAr)
 24386 | Lair:3   | Reached skill level 7 in Spellcasting
 24503 | Lair:3   | Found a staircase to the Swamp.
 24555 | Lair:3   | Reached skill level 10 in Fighting
 24774 | Lair:3   | Found a transporter.
 25812 | Lair:4   | Found a runed translucent door.
 25813 | Lair:4   | Found a viscous altar of Jiyva.
 25813 | Lair:4   | Noticed an azure jelly
 25815 | Lair:4   | Found a staircase to the Slime Pits.
 25864 | Lair:4   | Reached skill level 10 in Dodging
 26968 | Lair:4   | Reached XP level 14. HP: 99/99 MP: 10/25
 27061 | Lair:4   | Reached skill level 8 in Spellcasting
 27957 | Lair:4   | Found a runed translucent door.
 27958 | Lair:4   | Found a viscous altar of Jiyva.
 27960 | Lair:4   | Found a staircase to the Slime Pits.
 28075 | Lair:5   | Entered Level 5 of the Lair of Beasts
 28414 | Lair:5   | Found a frozen archway.
 28498 | IceCv    | Entered an ice cave
 29121 | IceCv    | Identified the ring of Oenomania {Will+ EV+5}
 29247 | IceCv    | Learned a level 3 spell: Stone Arrow
 29585 | Lair:5   | Identified the +9 trident of Fimbulwinter {vamp, Int+5}
 29911 | Lair:5   | Reached skill level 9 in Spellcasting
 30144 | Lair:5   | Noticed Snorg
 30985 | Lair:5   | Killed Snorg
 31712 | Orc:1    | Entered Level 1 of the Orcish Mines
 31882 | Orc:1    | Reached skill level 10 in Spellcasting
 32452 | Orc:2    | Entered Level 2 of the Orcish Mines
 32815 | Orc:2    | Found a staircase to the Elven Halls.
 33514 | Orc:2    | Reached XP level 15. HP: 103/103 MP: 11/29
 34040 | Orc:2    | Found a gateway to a bazaar.
 34634 | Orc:2    | Found Abucagg's Jewellery Shop.
 34635 | Orc:2    | Found Fino's Weapon Shop.
 34635 | Orc:2    | Found Vowugani's Armour Boutique.
 34636 | Orc:2    | Found Gyopto's Assorted Antiques.
 34648 | Orc:2    | Bought a ring of see invisible for 195 gold pieces
 34750 | Bazaar   | Entered a bazaar
 34764 | Bazaar   | Found Jaat's Antique Armour Emporium.
 34764 | Bazaar   | Found Divuhono's Antique Weapon Shoppe.
 34775 | Bazaar   | Bought a warped hand axe for 336 gold pieces
 34775 | Bazaar   | Identified the +5 hand axe of the Moon {elec, rF+ Dex+3}
                  | (You bought it in a shop in a bazaar)
 34786 | Bazaar   | Found Vorrafa's Book Emporium.
 34786 | Bazaar   | Found Posod's General Store.
 34797 | Bazaar   | Bought a potion of haste for 150 gold pieces
 34797 | Bazaar   | Bought a potion of resistance for 150 gold pieces
 34797 | Bazaar   | Bought 6 curare-tipped darts for 108 gold pieces
 34797 | Bazaar   | Bought the amulet "Bihawn" {Acrobat rN+ Regen+ Str+3} for
                  | 712 gold pieces
 34808 | Bazaar   | Found Zoteip's Antique Armour Shoppe.
 34820 | Bazaar   | Bought a book of the Warp for 588 gold pieces
 34820 | Bazaar   | Bought a book of Transfigurations for 560 gold pieces
 34826 | Bazaar   | Learned a level 5 spell: Irradiate
 34852 | Bazaar   | Found Bocerpho's Distillery.
 34857 | Bazaar   | Bought a potion of mutation for 120 gold pieces
 34857 | Bazaar   | Bought a potion of haste for 150 gold pieces
 34857 | Bazaar   | Bought a potion of magic for 120 gold pieces
 34857 | Bazaar   | Bought 2 potions of mutation for 240 gold pieces
 34857 | Bazaar   | Bought a potion of invisibility for 120 gold pieces
 34857 | Bazaar   | Bought a potion of heal wounds for 75 gold pieces
 34930 | D:10     | Bought a scroll labelled YNY YQABREANNU for 35 gold pieces
 35516 | D:12     | Found a glowing silver altar of Zin.
 35554 | D:13     | Noticed Josephine
 35561 | D:13     | Killed Josephine
 35656 | D:13     | Reached skill level 1 in Transmutations
 36295 | D:13     | Reached skill level 10 in Evocations
 36679 | D:13     | Got the Encyclopedia of Fascination
 36703 | D:13     | Reached skill level 15 in Stealth
 36763 | D:13     | Learned a level 5 spell: Yara's Violent Unravelling
 37676 | D:14     | Reached skill level 1 in Hexes
 38603 | D:14     | Identified the +1 glaive "Uzeiramp" {heavy, rC+ Stlth+}
 38663 | D:14     | Found a gate to the Vaults.
 38761 | D:15     | Entered Level 15 of the Dungeon
 39038 | D:15     | Reached XP level 16. HP: 52/112 MP: 12/30
 39187 | D:15     | Reached skill level 11 in Spellcasting
 39447 | D:15     | Noticed Jorgrun
 39783 | D:15     | Noticed Azrael
 39785 | D:15     | Killed Jorgrun
 39789 | D:15     | Killed Azrael
 40042 | D:15     | Found a staircase to the Depths.
 40141 | D:15     | Found Fuguozy's Antique Weapon Emporium.
 40376 | D:15     | Noticed Louise
 40393 | D:15     | Killed Louise
 40735 | D:15     | Learned a level 7 spell: Dragon Form
 40953 | Snake:1  | Entered Level 1 of the Snake Pit
 40964 | Snake:1  | Noticed Roxanne
 41136 | Snake:1  | Found an opulent altar of Gozag.
 41179 | Snake:1  | Killed Roxanne
 41180 | Snake:1  | Reached skill level 15 in Air Magic
 41260 | Snake:1  | Found Afyrypn's Weapon Boutique.
 41535 | Snake:1  | Reached skill level 1 in Shields
 42642 | Snake:2  | Noticed a nagaraja
 42943 | Snake:2  | Noticed a nagaraja
 42947 | Snake:2  | Killed a nagaraja
 42948 | Snake:2  | Reached skill level 5 in Transmutations
 42996 | Snake:2  | Noticed a nagaraja
 43001 | Snake:2  | Killed a nagaraja
 43044 | Snake:2  | Noticed Aizul
 43056 | Snake:2  | Killed Aizul
 43181 | Snake:2  | Killed a nagaraja
 44348 | Snake:2  | Reached skill level 5 in Hexes
 44931 | Snake:3  | Reached skill level 5 in Conjurations
 44931 | Snake:3  | Reached XP level 17. HP: 119/119 MP: 12/32
 45503 | D:8      | Bought the ring of Leduyqeo {rElec EV+5 Str+7 Dex+3 Slay-2}
                  | for 1001 gold pieces
 46578 | Snake:4  | Entered Level 4 of the Snake Pit
 46664 | Snake:4  | Found a glowing silver altar of Zin.
 48754 | Snake:4  | Noticed a quicksilver dragon
 48758 | Snake:4  | Noticed a quicksilver dragon
 49591 | Snake:4  | Killed a quicksilver dragon
 49668 | Snake:4  | Killed a quicksilver dragon
 49771 | Snake:4  | Got a serpentine rune of Zot
 50080 | Swamp:1  | Entered Level 1 of the Swamp
 50406 | Swamp:1  | Reached skill level 1 in Unarmed Combat
 50529 | Swamp:1  | Reached XP level 18. HP: 130/130 MP: 24/33
 51704 | Swamp:1  | Reached skill level 10 in Transmutations
 51830 | Swamp:2  | Found a large runed translucent door.
 51830 | Swamp:2  | Found a large runed translucent door.
 51890 | Swamp:2  | Noticed arthad's ghost (journeyman FeSu)
 53484 | Swamp:4  | Entered Level 4 of the Swamp
 54842 | Swamp:4  | Got a decaying rune of Zot
 55253 | Elf:1    | Entered Level 1 of the Elven Halls
 55350 | Elf:1    | Reached skill level 5 in Unarmed Combat
 55747 | Lair:1   | Killed Lobster4's ghost
 56002 | Elf:1    | Reached XP level 19. HP: 136/136 MP: 26/34
 56437 | Elf:1    | Paralysed by an air elemental for 1 turns
 57055 | Elf:2    | Found Jecs's Antique Weapon Boutique.
 57311 | Elf:2    | Reached skill level 15 in Transmutations
 57491 | Elf:2    | Found a runed translucent gate.
 57491 | Elf:2    | Found a runed translucent gate.
 57491 | Elf:2    | Found a runed translucent gate.
 57619 | Elf:2    | Identified the +10 dagger "Patani Ripi" {drain, MP+9 Int-2
                  | Dex+4 SInv}
 57857 | Elf:3    | Entered Level 3 of the Elven Halls
 58011 | Elf:3    | Found Mefuo's Distillery.
 58024 | Elf:3    | Bought a potion of brilliance for 56 gold pieces
 58024 | Elf:3    | Bought a potion of brilliance for 56 gold pieces
 58797 | Elf:3    | Learned a level 7 spell: Storm Form
 59200 | Elf:3    | Learned a level 4 spell: Manifold Assault
 59287 | Elf:3    | Reached skill level 1 in Translocations
 59525 | Elf:3    | Identified the +7 quarterstaff of the Stopping Owl {drain,
                  | Dex+3}
 59556 | Elf:3    | Noticed a Tzitzimitl
 59884 | Elf:3    | Identified the ring "Heuxumm" {rN+ Slay+4}
 59898 | Elf:3    | Identified the +5 rapier of the Tundras {elec, Str+3}
 60166 | Elf:3    | Noticed a Tzitzimitl
 60177 | Elf:3    | Got Fiositax's Parchment of Changes
 60335 | Elf:3    | Identified the +9 sling "Synnacso" {heavy, Str+5 Int+3}
 60649 | Vaults:1 | Entered Level 1 of the Vaults
 60782 | Vaults:1 | Found a crumbling gateway.
 60849 | Desolati | Entered the Desolation of Salt
 60903 | Desolati | Reached XP level 20. HP: 112/144 MP: 35/35
 60930 | Desolati | Got Bathat's Spellbook of Cold and Incandescence
 61039 | Desolati | Identified the +8 whip of Viji {spect, *Slow rN++ Will+
                  | Str+3}
 61039 | Desolati | Identified the ring "Uduv Arch" {Fly rPois rN+++ Str+6
                  | Int-4}
 61044 | Desolati | Identified the amulet "Pemuup" {Acrobat rElec}
 61068 | Desolati | Learned a level 2 spell: Wereblood
 61150 | Desolati | Identified the ring of the Catamount {rF+ rC+ Int+4}
 61276 | Desolati | Identified the +0 scimitar of the Onslaught {elec, rC+
                  | Dex+2 Stlth+}
 61593 | Desolati | Reached skill level 5 in Translocations
 61620 | Desolati | Got the Secrets of Fog and Beckoning
 61922 | Desolati | Got the Volume of the Shrike
 62110 | Desolati | Got the Parchment of Boreal Shaping
 62533 | Vaults:1 | Identified the +5 battleaxe of Arrival {pain, Int+3 Stlth+}
 62947 | Vaults:1 | Reached skill level 15 in Fighting
 63006 | Vaults:1 | Noticed Zenata
 63347 | Vaults:1 | Killed Zenata
 63597 | Vaults:1 | Identified the +3 arbalest of a sewer {flame, Str+2}
 63920 | Vaults:2 | Acquired 686 gold pieces
 63922 | Vaults:2 | Acquired 862 gold pieces
 63936 | Vaults:2 | Reached skill level 10 in Unarmed Combat
 63940 | Vaults:2 | Reached XP level 21. HP: 151/151 MP: 29/36
 64830 | Vaults:2 | Reached skill level 12 in Spellcasting
 64954 | Vaults:3 | Learned a level 5 spell: Arcjolt
 65067 | Vaults:3 | You fall into a shaft and drop 1 floor!
 65177 | Vaults:3 | Noticed Mara
 65189 | Vaults:3 | Killed Mara
 65256 | Vaults:3 | Found a magical portal.
 65286 | WizLab   | Entered The Hall of the Hellbinder
 65782 | WizLab   | Identified the +6 trident "Godegar" {heavy, rN+ Stlth+}
 65782 | WizLab   | Noticed Vurrejir
 65795 | WizLab   | Killed Vurrejir the Hellbinder
 65803 | WizLab   | Found a burning altar of Makhleb.
 65833 | WizLab   | Identified the +0 cloak "Vobi Ycuj" {Drain +Inv rN+}
 65854 | WizLab   | Found the +6 Majin-Bo {spellvamp, MP+6 Int+6}
 65865 | WizLab   | Got Alij's Essays on the Familiar
 66514 | Vaults:3 | Found a staircase to the Crypt.
 66639 | Vaults:3 | Reached XP level 22. HP: 132/157 MP: 28/38
 68011 | Vaults:4 | Noticed Donald
 68018 | Vaults:4 | Killed Donald
 68359 | Vaults:4 | Reached skill level 15 in Evocations
 68654 | Vaults:4 | Reached skill level 10 in Translocations
 69026 | Depths:1 | Entered Level 1 of the Depths
 69448 | Depths:1 | Found a one-way gate leading to the halls of Pandemonium.
 69478 | Depths:1 | Noticed Asterion
 69481 | Depths:1 | Killed Asterion
 69861 | Depths:1 | Found a gateway to Hell.
 70087 | Depths:2 | Reached XP level 23. HP: 162/162 MP: 35/39
 70094 | Depths:2 | Noticed a golden dragon
 70098 | Depths:2 | Killed a golden dragon
 70099 | Depths:2 | Reached skill level 15 in Unarmed Combat
 70111 | Depths:2 | Noticed a caustic shrike
 70122 | Depths:2 | Noticed a juggernaut
 70123 | Depths:2 | Killed a caustic shrike
 70128 | Depths:2 | Killed a juggernaut
 70265 | Depths:2 | Gained mutation: You occasionally lose the ability to drink
                  | potions when taking damage. [a neqoxec]
 70645 | Depths:2 | Identified the +3 rapier of the Globe {pain, rElec rCorr
                  | Dex-4}
 70670 | Depths:2 | Found the amulet of the Four Winds {rN+ Will+++ Clar}
 70836 | Depths:2 | Got the Lectures on Impure Pyromancy
 70949 | Depths:2 | Noticed a caustic shrike
 70954 | Depths:2 | Noticed a caustic shrike
 70956 | Depths:2 | Noticed a caustic shrike
 70962 | Depths:2 | Killed a caustic shrike
 70962 | Depths:2 | Noticed a caustic shrike
 70962 | Depths:2 | Killed a caustic shrike
 70967 | Depths:2 | Noticed a caustic shrike
 70969 | Depths:2 | Killed a caustic shrike
 70973 | Depths:2 | Killed a caustic shrike
 70974 | Depths:2 | Killed a caustic shrike
 71335 | Depths:2 | Found a one-way gateway to a ziggurat.
 71394 | Depths:2 | Found a one-way gate to the infinite horrors of the Abyss.
 72482 | Depths:3 | Noticed a golden dragon
 72503 | Depths:3 | Killed a golden dragon
 72518 | Depths:3 | Reached XP level 24. HP: 162/171 MP: 27/39
 72664 | Depths:3 | Reached skill level 13 in Spellcasting
 72839 | Depths:3 | Identified the +7 mace of Defilement {drain, +Blink Str-5
                  | SInv}
 73867 | Depths:3 | Bought a scroll of teleportation for 129 gold pieces
 73869 | Depths:3 | Bought a scroll of fear for 84 gold pieces
 73869 | Depths:3 | Bought a scroll of amnesia for 84 gold pieces
 73872 | Depths:3 | Bought a scroll of blinking for 157 gold pieces
 73872 | Depths:3 | Bought a scroll of fog for 84 gold pieces
 73878 | Depths:4 | Entered Level 4 of the Depths
 74028 | Depths:4 | Noticed a juggernaut
 74036 | Depths:4 | Killed a juggernaut
 74395 | Depths:4 | Found Ano Jeg's Antique Weapon Shop.
 74571 | Depths:4 | Found a gate to the Realm of Zot.
 74664 | Depths:4 | Identified the ring "Riodan" {Ice rPois rCorr Str+3}
 74712 | Depths:4 | Found Uligaist's Book Emporium.
 75423 | Depths:4 | Bought a book of Lightning for 912 gold pieces
 75427 | Depths:4 | Learned a level 3 spell: Vhi's Electric Charge
 75436 | Depths:4 | Learned a level 8 spell: Disjunction
 75737 | Slime:1  | Entered Level 1 of the Pits of Slime
 76529 | Slime:2  | Reached XP level 25. HP: 171/179 MP: 8/40
 78147 | Slime:5  | Entered Level 5 of the Pits of Slime
 78367 | Slime:5  | Found a viscous altar of Jiyva.
 78367 | Slime:5  | Noticed the Royal Jelly
 78380 | Slime:5  | Killed the Royal Jelly
 78381 | Slime:5  | Reached skill level 15 in Dodging
 78422 | Slime:5  | Identified the ring of Heusin {rN+ Dex+4}
 78433 | Slime:5  | Got the Enchiridion on Frostbite and Location
 78434 | Slime:5  | Identified the +0 pair of boots of Ethereal Satisfaction
                  | {-Tele Rampage rElec rN+}
 78449 | Slime:5  | Got a slimy rune of Zot
 78461 | Slime:5  | Identified the +6 scale mail of Infinity {rElec rPois rC+
                  | Int+3}
 78473 | Slime:5  | Identified the +2 robe of the True Pharaoh {rN+ Int+2
                  | Stlth+}
 78575 | Slime:5  | Identified the +5 battleaxe of Cataclysm {antimagic, Int+5}
 79116 | Vaults:5 | Entered Level 5 of the Vaults
 79129 | Vaults:5 | Reached skill level 14 in Spellcasting
 79239 | Vaults:5 | Found the ring of the Hare {EV+10}
 79285 | Vaults:5 | Found the +8 autumn katana {manifold assault}
 79287 | Vaults:5 | Found the +7 captain's cutlass {speed, disarm}
 79297 | Vaults:5 | Identified the +11 demon trident of Ignis {pain, rN++}
 79310 | Vaults:5 | Got a silver rune of Zot
 79467 | Vaults:5 | Gained mutation: You are dopey. (Int -2) [a shining eye]
 79712 | Vaults:5 | Reached XP level 26. HP: 180/187 MP: 36/41
 81568 | Depths:4 | Voluntarily entered the Abyss.
 81764 | Abyss:2  | Found a corrupted altar of Lugonu.
 81801 | Abyss:2  | Found a corrupted altar of Lugonu.
 81972 | Abyss:2  | Found a corrupted altar of Lugonu.
 81990 | Abyss:2  | Found a corrupted altar of Lugonu.
 82535 | Abyss:2  | Found a corrupted altar of Lugonu.
 82627 | Abyss:3  | Found a corrupted altar of Lugonu.
 82713 | Depths:4 | Escaped the Abyss
 82769 | Depths:4 | Voluntarily entered the Abyss.
 82769 | Abyss:3  | Found a corrupted altar of Lugonu.
 83059 | Depths:4 | Escaped the Abyss
 83061 | Depths:4 | Voluntarily entered the Abyss.
 83283 | Abyss:3  | Got an abyssal rune of Zot
 83331 | Abyss:3  | Found a corrupted altar of Lugonu.
 83358 | Depths:4 | Escaped the Abyss
 83523 | Zot:1    | Entered Level 1 of the Realm of Zot
 84936 | Zot:2    | Reached XP level 27. HP: 186/195 MP: 22/41
 85851 | Zot:3    | Noticed Vv
 85851 | Zot:3    | Noticed Grunn
 85857 | Zot:2    | Reached skill level 15 in Spellcasting
 86300 | Zot:3    | Killed Grunn
 86443 | Zot:3    | Killed Vv
 87122 | Zot:4    | Noticed an orb of fire
 87130 | Zot:4    | Gained mutation: Your spells are a little easier to cast,
                  | but a little less powerful. [an orb of fire]
 87134 | Zot:4    | Killed an orb of fire
 87143 | Zot:4    | Gained mutation: You are vulnerable to heat. (rF-)
                  | [mutagenic glow]
 87162 | Zot:4    | Gained mutation: You are frail. (-10% HP) [mutagenic glow]
 87182 | Zot:4    | Gained mutation: You are weak. (Str -2) [mutagenic glow]
 87185 | Zot:4    | Learned a level 8 spell: Necromutation
 87196 | Zot:4    | Gained mutation: You sometimes lose the ability to drink
                  | potions when taking damage. [mutagenic glow]
 87241 | Zot:4    | Lost mutation: You are frail. (-10% HP) [potion of
                  | mutation]
 87241 | Zot:4    | Lost mutation: You are vulnerable to heat. (rF-) [potion of
                  | mutation]
 87241 | Zot:4    | Gained mutation: You expend magic power (3 MP) to
                  | strengthen your wands. [potion of mutation]
 87241 | Zot:4    | Gained mutation: Your flesh is cold resistant. (rC+)
                  | [potion of mutation]
 87242 | Zot:4    | Lost mutation: Your spells are a little easier to cast, but
                  | a little less powerful. [potion of mutation]
 87242 | Zot:4    | Lost mutation: You are weak. (Str -2) [potion of mutation]
 87242 | Zot:4    | Lost mutation: You sometimes lose the ability to drink
                  | potions when taking damage. [potion of mutation]
 87242 | Zot:4    | Gained mutation: Your muscles are strong. (Str +4, Int/Dex
                  | -1) [potion of mutation]
 87242 | Zot:4    | Gained mutation: You are strong-willed. (Will+) [potion of
                  | mutation]
 87242 | Zot:4    | Gained mutation: Your spells are a little harder to cast,
                  | but a little more powerful. [potion of mutation]
 87520 | Zot:4    | Reached skill level 10 in Conjurations
 87700 | Zot:4    | Noticed an orb of fire
 87712 | Zot:4    | Killed an orb of fire
 87713 | Zot:4    | Reached skill level 1 in Necromancy
 88661 | Zot:5    | Entered Level 5 of the Realm of Zot
 88997 | Zot:5    | Noticed an orb of fire
 88997 | Zot:5    | Noticed an ancient lich
 89000 | Zot:5    | Gained mutation: You are occasionally teleported next to
                  | monsters. [an orb of fire]
 89004 | Zot:5    | Killed an ancient lich
 89006 | Zot:5    | Killed an orb of fire
 89011 | Zot:5    | Noticed an ancient lich
 89017 | Zot:5    | Killed an ancient lich
 89019 | Zot:5    | Noticed an ancient lich
 89024 | Zot:5    | Killed an ancient lich
 89906 | Zot:5    | Noticed an orb of fire
 89909 | Zot:5    | Noticed an orb of fire
 89911 | Zot:5    | Killed an orb of fire
 89915 | Zot:5    | Killed an orb of fire
 89934 | Zot:5    | Noticed an ancient lich
 89941 | Zot:5    | Killed an ancient lich
 90560 | Depths:2 | Lost mutation: You occasionally lose the ability to drink
                  | potions when taking damage. [potion of mutation]
 90560 | Depths:2 | Lost mutation: You are occasionally teleported next to
                  | monsters. [potion of mutation]
 90560 | Depths:2 | Lost mutation: You are dopey. (Int -2) [potion of mutation]
 90560 | Depths:2 | Gained mutation: You have a pair of small antennae on your
                  | head. [potion of mutation]
 90560 | Depths:2 | Gained mutation: You passively dampen the noise of your
                  | surroundings. [potion of mutation]
 90665 | Pan      | Entered Pandemonium
 90903 | Pan      | Found a transporter.
 91182 | Pan      | Found a transporter.
 91973 | Pan      | Identified the ring of the Bull {rCorr EV+5 Int+2 Slay+6
                  | Stlth-}
 91986 | Pan      | Identified the ring of Xoat Ymu {rElec EV+5 Str+2}
 91991 | Pan      | Identified the +0 steam dragon scales of Brilliance {rElec
                  | MP-9 Int+2}
 92092 | Pan      | Found a transporter.
 92095 | Pan      | Found a transporter.
 92107 | Pan      | Found a transporter.
 92500 | Pan      | Found a transporter.
 93014 | Pan      | Found a transporter.
 93766 | Pan      | Found a transporter.
 93770 | Pan      | Found a transporter.
 93863 | Pan      | Found a transporter.
 93865 | Pan      | Found a transporter.
 93906 | Pan      | Found a transporter.
 94243 | Pan      | Identified the +0 buckler of Romuc {Dex+2}
 94657 | Pan      | Noticed Myenaol the pandemonium lord
 94715 | Pan      | Killed Myenaol the pandemonium lord
 95004 | Pan      | Got a demonic rune of Zot
 95727 | Pan      | Found an exit through the horrors of the Abyss.
 95880 | Pan      | Found Yfosabb's Assorted Sundries.
 96012 | Pan      | Found an opulent altar of Gozag.
 96019 | Pan      | Found Yfosabb's Book Emporium.
 96031 | Pan      | Found an opulent altar of Gozag.
 96036 | Pan      | Noticed Yfosabb the pandemonium lord
 96042 | Pan      | Found Yfosabb's Fine Accessories.
 96042 | Pan      | Killed Yfosabb the pandemonium lord
 96051 | Pan      | Found Yfosabb's Rarities Depot.
 96059 | Pan      | Found an opulent altar of Gozag.
 96069 | Pan      | Bought a phial of floods for 680 gold pieces
 96129 | Pan      | Bought the ring "Pyklit" {rElec rPois rF+ SInv} for 768
                  | gold pieces
 96135 | Pan      | Bought the amulet "Koechiat" {Rampage rF+ rC+ Regen+ Dex+4}
                  | for 1009 gold pieces
 96203 | Pan      | Bought a scroll of silence for 218 gold pieces
 96203 | Pan      | Bought a wand of roots (3) for 165 gold pieces
 96203 | Pan      | Bought a potion of curing for 69 gold pieces
 96203 | Pan      | Bought a scroll of amnesia for 92 gold pieces
 97290 | Pan      | Gained mutation: Your body sometimes deteriorates upon
                  | taking damage. [a cacodemon]
 97292 | Pan      | Gained mutation: Your magical capacity is low. (-10% MP) [a
                  | cacodemon]
 97298 | Pan      | Reached skill level 16 in Spellcasting
 97300 | Pan      | Found an exit through the horrors of the Abyss.
 97589 | Pan      | Found a runed translucent door.
 97665 | Pan      | Noticed Enuavah the pandemonium lord
 97672 | Pan      | Killed Enuavah the pandemonium lord
 98550 | Pan      | Noticed Mennas
 98567 | Pan      | Killed Mennas
 99139 | Pan      | Identified the amulet of Ytissuah {Regen+ Str+4}
 99338 | Pan      | Noticed Esyuceoph the pandemonium lord
 99358 | Pan      | Killed Esyuceoph the pandemonium lord
100697 | Pan      | Noticed Idducat the pandemonium lord
100710 | Pan      | Killed Idducat the pandemonium lord
101815 | Depths:2 | Escaped Pandemonium
101821 | Depths:2 | Bought a scroll of fog for 92 gold pieces
101823 | Depths:2 | Bought a scroll of fog for 80 gold pieces
101823 | Depths:2 | Bought a scroll of fog for 80 gold pieces
101823 | Depths:2 | Bought a scroll of fear for 80 gold pieces
102605 | Pan      | Entered Pandemonium
102615 | Pan      | Noticed Xiylum the pandemonium lord
102626 | Pan      | Killed Xiylum the pandemonium lord
102627 | Pan      | Reached skill level 17 in Spellcasting
102770 | Pan      | Found an exit through the horrors of the Abyss.
102877 | Depths:1 | Escaped Pandemonium
102961 | Depths:2 | Bought a scroll of amnesia for 92 gold pieces
102967 | Pan      | Entered Pandemonium
103637 | Pan      | Noticed Kocyne the pandemonium lord
103653 | Pan      | Killed Kocyne the pandemonium lord
104108 | Pan      | Entered the realm of Cerebov.
104296 | Pan      | Identified the +7 chain mail of Death's Door {Str+2}
104528 | Pan      | Identified the ring "Efafut" {Fly rPois rF+ rCorr}
104747 | Pan      | Identified the amulet of Qokaqus {Faith rCorr}
104826 | Pan      | Found the +6 sword of Cerebov {flame}
104826 | Pan      | Noticed Cerebov
104873 | Pan      | Killed Cerebov
104920 | Pan      | Got a fiery rune of Zot
105120 | Pan      | Reached skill level 18 in Spellcasting
105144 | Pan      | Identified the ring "Hero's Friend" {MP+9 AC+4}
105609 | Pan      | Found an exit through the horrors of the Abyss.
105859 | Pan      | Learned a level 9 spell: Chain Lightning
105925 | Pan      | Entered the realm of Gloorx Vloq.
105925 | Pan      | Noticed Gloorx Vloq
105931 | Pan      | Killed Gloorx Vloq
105976 | Pan      | Got a dark rune of Zot
106008 | Pan      | Noticed Ignacio
106016 | Pan      | Killed Ignacio
106223 | Pan      | Identified the +4 ring mail "Ever Xul" {Contam rElec Dex+4}
106388 | Pan      | Reached skill level 5 in Shields
106843 | Pan      | Acquired 846 gold pieces
107188 | Pan      | Entered the realm of Mnoleg.
107198 | Pan      | Noticed Mnoleg
107205 | Pan      | Gained mutation: You occasionally lose the ability to drink
                  | potions when taking damage. [a neqoxec]
107208 | Pan      | Killed Mnoleg
107242 | Pan      | Gained mutation: Your body often deteriorates upon taking
                  | damage. [a neqoxec]
107271 | Pan      | Got a glowing rune of Zot
107419 | Pan      | Entered the realm of Lom Lobon.
107796 | Pan      | Noticed Lom Lobon
107806 | Pan      | Killed Lom Lobon
107982 | Pan      | Got a magical rune of Zot
108326 | Pan      | Found an exit through the horrors of the Abyss.
108997 | Pan      | Took an exit into the Abyss.
108997 | Abyss:3  | Escaped into the Abyss
109001 | Depths:2 | Escaped the Abyss
109070 | Hell     | Entered the Vestibule of Hell
109070 | Hell     | Noticed Geryon
109076 | Hell     | Killed Geryon
109088 | Hell     | Reached skill level 19 in Spellcasting
109126 | Hell     | Noticed Murray
109133 | Hell     | Killed Murray
109147 | Hell     | Found a gateway to the Iron City of Dis.
109326 | Hell     | Found a gateway to the freezing wastes of Cocytus.
109557 | Hell     | Found a gateway to the decaying netherworld of Tartarus.
109645 | Hell     | Found a gateway to the ashen valley of Gehenna.
109849 | Tar:1    | Entered Level 1 of Tartarus
110140 | Tar:1    | Reached skill level 5 in Necromancy
111348 | Tar:4    | Reached skill level 15 in Conjurations
112015 | Tar:5    | You are sucked into a shaft and drop 1 floor!
112634 | Tar:7    | Entered Level 7 of Tartarus
112805 | Tar:7    | Reached skill level 20 in Spellcasting
114240 | Tar:7    | Identified the +8 glaive "Muskuza" {heavy, Int+3}
114683 | Tar:7    | Noticed Ereshkigal
115073 | Tar:7    | Killed Ereshkigal
115090 | Tar:7    | Got a bone rune of Zot
115218 | Tar:7    | Identified the amulet of Jenguago {Faith +Inv Regen+ Str-2}
115778 | Tar:7    | Reached skill level 10 in Necromancy
115818 | Tar:7    | Identified the +1 ring mail of Fallacy {*Slow rElec rN++
                  | Str+3}
115821 | Tar:7    | Identified the ring of Vanity {rPois rC+ Int+2 SInv}
115837 | Tar:7    | Identified the +7 tower shield "Quofool" {Rampage rF-
                  | Str+6}
116017 | Tar:7    | Identified the +7 spear "Tezoclig" {elec, +Blink rCorr
                  | Dex-3 Stlth+}
116019 | Tar:7    | Identified the +9 hand axe of Conscience {spect, rC- Will-
                  | Int+4 Dex+9}
116044 | Tar:7    | Identified the +6 scimitar of Olyruimn {antimagic, Str+3
                  | Dex+4}
116357 | Tar:7    | Learned a level 6 spell: Death Channel
116511 | Coc:1    | Entered Level 1 of Cocytus
117715 | Coc:4    | Reached skill level 21 in Spellcasting
118045 | Coc:5    | You are sucked into a shaft and drop 1 floor!
118490 | Coc:7    | Entered Level 7 of Cocytus
119379 | Coc:7    | Reached skill level 15 in Necromancy
119559 | Coc:7    | Noticed Antaeus
120231 | Coc:7    | Identified the ring of Qazlal's Respect {Fly Slay+5}
120627 | Coc:7    | Identified the +3 triple sword of Symmetry {freeze,
                  | *Corrode Will+ Dex+4}
120651 | Coc:7    | Killed Antaeus
120670 | Coc:7    | Got an icy rune of Zot
120681 | Coc:7    | Identified the +6 quarterstaff "Qyubolamea" {spect, rPois
                  | rF- Int+4 Stlth+}
120864 | Hell     | Upgraded the game from 0.30-a0-711-gf4ac18a38d to
                  | 0.30-a0-715-gdb4ae3ece1
121221 | Orc:2    | Bought a +6 ring of intelligence for 468 gold pieces
121491 | Dis:1    | Entered Level 1 of the Iron City of Dis
121491 | Dis:1    | Noticed a dread lich
121496 | Dis:1    | Killed a dread lich
123137 | Dis:6    | Found a burning altar of Makhleb.
123747 | Dis:7    | Entered Level 7 of the Iron City of Dis
125201 | Dis:7    | Found the +4 staff of Dispater
125201 | Dis:7    | Noticed Dispater
125207 | Dis:7    | Killed Dispater
125356 | Dis:7    | Identified the ring of Haonarar {rElec rC+ Dex+6}
125359 | Dis:7    | Got an iron rune of Zot
125532 | Dis:7    | Identified the +4 hand axe "Biboerot" {heavy, Drain rF+ rC+
                  | Dex+3}
125559 | Dis:7    | Got the Folio of Intoxicating Injury
125647 | Dis:7    | Found the +8 whip "Snakebite" {venom, curare, rPois}
125657 | Dis:7    | Got the Volume of Abominable Acts and Astrapomancy
125693 | Dis:7    | Found the +5 scythe "Finisher" {speed, eviscerate}
125976 | Dis:7    | Identified the +4 short sword "Haudacan" {venom, rPois
                  | Int+4 Dex-3 SInv}
125981 | Dis:7    | Identified the +9 arbalest of Cataclysm {speed, rN+ Will+}
126460 | Zig:1    | Entered Level 1 of a ziggurat
126473 | Zig:2    | Entered Level 2 of a ziggurat
126505 | Zig:3    | Entered Level 3 of a ziggurat
126505 | Zig:3    | Noticed Plog the pandemonium lord
126510 | Zig:3    | Killed Plog the pandemonium lord
126594 | Zig:4    | Entered Level 4 of a ziggurat
126595 | Zig:4    | Found the +8 Wrath of Trog {antimagic, *Rage Rampage}
126672 | Zig:5    | Entered Level 5 of a ziggurat
126724 | Zig:6    | Entered Level 6 of a ziggurat
126778 | Zig:7    | Entered Level 7 of a ziggurat
126817 | Zig:7    | Got the Quarto of Gelid Mortification
126821 | Zig:7    | Identified the +9 scimitar "Eribus" {venom, Will- Str+2
                  | Dex+5}
126881 | Zig:8    | Entered Level 8 of a ziggurat
126888 | Zig:8    | Found the +5 demon whip "Spellbinder" {antimagic, disrupt,
                  | Will+}
126997 | Zig:9    | Entered Level 9 of a ziggurat
127146 | Zig:9    | Identified the +0 dagger of Meager Gallantry {vamp, Str+4}
127206 | Zig:10   | Entered Level 10 of a ziggurat
127310 | Zig:10   | Identified the ring "Qoerofis" {Int+6 Dex+3}
127360 | Zig:10   | Identified the ring of Xibreeco {rPois Dex+4}
127363 | Zig:10   | Identified the +9 broad axe of Hepliaklqana's Envy {holy,
                  | *Slow rElec Will+}
127370 | Zig:11   | Entered Level 11 of a ziggurat
127380 | Zig:11   | Found the +9 sword of Zonguldrok {reap}
127394 | Zig:11   | Identified the +1 helmet of the Pleiades {Harm Will- rCorr
                  | Slay+3}
127510 | Zig:12   | Entered Level 12 of a ziggurat
127620 | Zig:12   | Got the Catalogue of Wondrous Power
127625 | Zig:12   | Identified the amulet "Febe" {RegenMP rF- Int+4 SInv}
127644 | Zig:12   | Identified the +0 arbalest "Meothrock" {freeze, rF+}
127686 | Zig:13   | Entered Level 13 of a ziggurat
127698 | Zig:13   | Found the necklace of Bloodlust {Fury *Rage Will++ Int-3
                  | Slay+6}
127826 | Zig:13   | Identified the ring of the Jackalope {AC+4 Str-2 Dex+3}
127833 | Zig:13   | Identified the +5 falchion of the Genius {pain, Will+
                  | Str+9}
127834 | Zig:13   | Identified the +7 double sword of Egomania {speed, rF+}
127866 | Zig:14   | Entered Level 14 of a ziggurat
127880 | Zig:14   | Noticed Xubeq the pandemonium lord
127882 | Zig:14   | Noticed Soifeim the pandemonium lord
127882 | Zig:14   | Noticed Gashri the pandemonium lord
127883 | Zig:14   | Reached skill level 1 in Throwing
127884 | Zig:14   | Killed Soifeim the pandemonium lord
127886 | Zig:14   | Killed Xubeq the pandemonium lord
127889 | Zig:14   | Killed Gashri the pandemonium lord
127980 | Zig:14   | Identified the +7 shortbow of the Firefly {freeze, Stlth+}
128008 | Zig:14   | Identified the +4 great mace of Iziziug {drain, rPois Dex+3
                  | SInv}
128071 | Zig:15   | Entered Level 15 of a ziggurat
128077 | Zig:15   | Noticed Ohemiesch the pandemonium lord
128079 | Zig:15   | Noticed Eqasapp the pandemonium lord
128081 | Zig:15   | Noticed Zohehar the pandemonium lord
128083 | Zig:15   | Noticed Kukeqiush the pandemonium lord
128083 | Zig:15   | Noticed Tastra the pandemonium lord
128083 | Zig:15   | Noticed Doaharph the pandemonium lord
128083 | Zig:15   | Killed Eqasapp the pandemonium lord
128083 | Zig:15   | Noticed Viamyn the pandemonium lord
128084 | Zig:15   | Noticed Voah the pandemonium lord
128086 | Zig:15   | Killed Ohemiesch the pandemonium lord
128087 | Zig:15   | Reached skill level 5 in Throwing
128089 | Zig:15   | Killed Zohehar the pandemonium lord
128094 | Zig:15   | Killed Kukeqiush the pandemonium lord
128094 | Zig:15   | Killed Doaharph the pandemonium lord
128097 | Zig:15   | Killed Voah the pandemonium lord
128102 | Zig:15   | Killed Tastra the pandemonium lord
128103 | Zig:15   | Killed Viamyn the pandemonium lord
128105 | Zig:15   | Reached skill level 22 in Spellcasting
128258 | Zig:15   | Identified the +7 ring mail "Ykebaqaf" {rPois rC+}
128261 | Zig:15   | Identified the amulet "Hiatru" {Reflect rN+ SH+5}
128346 | Zig:16   | Entered Level 16 of a ziggurat
128363 | Zig:16   | Noticed a dread lich
128364 | Zig:16   | Noticed an ancient lich
128364 | Zig:16   | Noticed an ancient lich
128364 | Zig:16   | Noticed a dread lich
128366 | Zig:16   | Noticed an ancient lich
128368 | Zig:16   | Killed a dread lich
128373 | Zig:16   | Killed an ancient lich
128377 | Zig:16   | Killed an ancient lich
128382 | Zig:16   | Killed an ancient lich
128383 | Zig:16   | Killed a dread lich
128434 | Zig:16   | Identified the amulet of Freedom {Faith *Corrode rPois
                  | Regen+}
128449 | Zig:16   | Identified the +3 short sword of Biala {venom, Contam Dex+2
                  | Stlth+}
128529 | Zig:17   | Entered Level 17 of a ziggurat
128553 | Zig:17   | Reached skill level 10 in Throwing
128567 | Zig:17   | Identified the amulet "Daoluzec" {Reflect +Inv rElec Regen+
                  | SH+5}
128609 | Zig:17   | Identified the ring "Vategrad" {rPois rN+ EV+5 Dex+3
                  | Slay-2}
128612 | Zig:17   | Identified the +1 morningstar "Kautel" {drain, Dex+3}
128718 | Zig:18   | Entered Level 18 of a ziggurat
128798 | Zig:18   | Identified the ring "Cawaoss" {rCorr Int+5 SInv}
128824 | Zig:18   | Identified the +2 great mace of Objectivity {flame, rN+
                  | Dex+3}
128833 | Zig:18   | Identified the +10 demon blade "Orb Guardian's Bane"
                  | {freeze, rN+}
129102 | Zig:19   | Entered Level 19 of a ziggurat
129126 | Zig:19   | Reached skill level 15 in Translocations
129310 | Zig:19   | Identified the +9 broad axe "Muarphiphu" {heavy, *Corrode
                  | Int+2 Stlth+}
129328 | Zig:19   | Reached skill level 23 in Spellcasting
129334 | Zig:19   | Identified the +2 robe "Qeoczoenops" {MP+9 Str+3}
129335 | Zig:19   | Identified the +2 leather armour of Ziocir {rElec rC+ Dex+5
                  | Slay-3}
129352 | Zig:20   | Entered Level 20 of a ziggurat
129524 | Zig:20   | Identified the amulet of Activism {Faith Rampage Regen+
                  | Str+3 Slay+2}
129527 | Zig:20   | Identified the +0 dagger "Honicw" {drain, rCorr}
129543 | Zig:20   | Got the Disquisition on Generative Outbursts
129636 | Zig:21   | Entered Level 21 of a ziggurat
129656 | Zig:21   | Reached skill level 1 in Fire Magic
129902 | Zig:21   | Identified the ring of the Magpie {+Blink rN+ Str+3}
130011 | Zig:22   | Entered Level 22 of a ziggurat
130282 | Zig:22   | Identified the +0 pair of boots of Okawaru's Condemnation
                  | {*Corrode rPois Will+ Dex+5}
130285 | Zig:22   | Identified the amulet "Facel" {Spirit Rampage rPois Str+3
                  | Stlth-}
130286 | Zig:22   | Identified the +2 battleaxe "Zoehat" {speed, rPois rF+
                  | Dex-3}
130303 | Zig:22   | Reached skill level 5 in Fire Magic
130319 | Zig:23   | Entered Level 23 of a ziggurat
130333 | Zig:23   | Noticed a dread lich
130335 | Zig:23   | Noticed an ancient lich
130336 | Zig:23   | Noticed a dread lich
130339 | Zig:23   | Killed a dread lich
130339 | Zig:23   | Killed an ancient lich
130344 | Zig:23   | Reached skill level 15 in Throwing
130345 | Zig:23   | Killed a dread lich
130349 | Zig:23   | Noticed a dread lich
130352 | Zig:23   | Found the ring of the Tortoise {AC+8}
130356 | Zig:23   | Killed a dread lich
130378 | Zig:23   | Identified the ring of Megaq {rC+ EV+5 Str+3 Slay+3 Stlth-}
130516 | Zig:23   | Identified the +6 long sword of Fixation {heavy, MP+9}
130521 | Zig:23   | Identified the +6 arbalest "Rehog" {antimagic, rPois Str+3
                  | SInv}
130525 | Zig:23   | Identified the +6 broad axe of Ryerayca {spect, Int+2}
130667 | Zig:23   | Identified the +1 sling of Cierhi {drain, *Slow rN+ Int+4}
130699 | Zig:23   | Learned a level 8 spell: Ignition
130718 | Zig:24   | Entered Level 24 of a ziggurat
130745 | Zig:24   | Reached skill level 24 in Spellcasting
130754 | Zig:24   | Found the macabre finger necklace {Finger+ rN+}
130754 | Zig:24   | Found the +6 arbalest "Damnation" {damnation}
131057 | Zig:24   | Identified the ring "Sisets" {rPois Str+2 Int+6}
131062 | Zig:24   | Identified the +3 halberd of Haunted Innocence {heavy,
                  | rCorr Str+4 Int+3 Stlth-}
131065 | Zig:24   | Identified the amulet "Jootisch" {Acrobat rC+ rN++ Regen+
                  | Dex-5}
131081 | Zig:24   | Identified the +8 dagger of Wuenamm {heavy, +Blink rF-
                  | Str+5 Stlth+}
131082 | Zig:24   | Identified the +1 morningstar of Understanding {freeze,
                  | Contam rElec rC+ Str+3}
131232 | Zig:25   | Entered Level 25 of a ziggurat
131250 | Zig:25   | Noticed Sonar the pandemonium lord
131250 | Zig:25   | Noticed Oblaj the pandemonium lord
131252 | Zig:25   | Noticed Ushuqa the pandemonium lord
131252 | Zig:25   | Noticed Bagaani the pandemonium lord
131252 | Zig:25   | Noticed Soirulib the pandemonium lord
131252 | Zig:25   | Noticed Lurhoh the pandemonium lord
131253 | Zig:25   | Killed Sonar the pandemonium lord
131254 | Zig:25   | Killed Oblaj the pandemonium lord
131254 | Zig:25   | Noticed Vonnu the pandemonium lord
131254 | Zig:25   | Noticed Kociar the pandemonium lord
131255 | Zig:25   | Killed Bagaani the pandemonium lord
131255 | Zig:25   | Noticed Miteozym the pandemonium lord
131255 | Zig:25   | Noticed Gubrothy the pandemonium lord
131255 | Zig:25   | Noticed Uqiustro the pandemonium lord
131257 | Zig:25   | Killed Lurhoh the pandemonium lord
131261 | Zig:25   | Killed Gubrothy the pandemonium lord
131262 | Zig:25   | Killed Soirulib the pandemonium lord
131262 | Zig:25   | Killed Miteozym the pandemonium lord
131262 | Zig:25   | Killed Vonnu the pandemonium lord
131262 | Zig:25   | Killed Ushuqa the pandemonium lord
131262 | Zig:25   | Killed Uqiustro the pandemonium lord
131262 | Zig:25   | Killed Kociar the pandemonium lord
131262 | Zig:25   | Noticed Fishrof the pandemonium lord
131263 | Zig:25   | Reached skill level 10 in Fire Magic
131264 | Zig:25   | Noticed Dejap the pandemonium lord
131265 | Zig:25   | Noticed Woucsa the pandemonium lord
131267 | Zig:25   | Killed Fishrof the pandemonium lord
131272 | Zig:25   | Killed Woucsa the pandemonium lord
131277 | Zig:25   | Killed Dejap the pandemonium lord
131280 | Zig:25   | Found the ring of the Octopus King
131294 | Zig:25   | Identified a ring of the Octopus King {rF+ HP+2 AC+2 EV+2
                  | SH+2}
131299 | Zig:25   | Identified the +3 great mace of Misery {flame, rF- rN+++
                  | Dex+6}
131326 | Zig:25   | Identified the +2 halberd "Seluoz" {freeze, Stlth+}
131338 | Zig:25   | Identified the +8 great sword "Haoquab" {drain, rF+ rCorr
                  | Dex+3}
131534 | Zig:26   | Entered Level 26 of a ziggurat
131567 | Zig:26   | Found the +16 obsidian axe {drain, demonic, Mesm Drain Fly
                  | SInv}
131567 | Zig:26   | Found the +2 shield of Resistance {rF++ rC++ Will++}
131587 | Zig:26   | Found the ring of the Octopus King
131878 | Zig:26   | Reached skill level 15 in Fire Magic
131880 | Zig:26   | Identified the amulet of Geirich {rPois rF+ Regen+ Str+3
                  | Stlth+}
131881 | Zig:26   | Identified a ring of the Octopus King {rN+ HP+2 AC+2 EV+2
                  | SH+2}
131898 | Zig:26   | Identified the +6 battleaxe of the Harvest {heavy, rF++
                  | Will- Dex-4 SInv}
131899 | Zig:26   | Identified the +5 short sword of Inkurhu {elec, rC++ Int+3}
131902 | Zig:26   | Identified the +0 chain mail of Wu Jian's Benevolence
                  | {rElec rF- Str+4}
131971 | Zig:27   | Entered Level 27 of a ziggurat
131996 | Zig:27   | Noticed a dread lich
131998 | Zig:27   | Noticed an ancient lich
132001 | Zig:27   | Killed a dread lich
132001 | Zig:27   | Killed an ancient lich
132002 | Zig:27   | Noticed a dread lich
132004 | Zig:27   | Noticed a dread lich
132009 | Zig:27   | Killed a dread lich
132025 | Zig:27   | Killed a dread lich
132053 | Zig:27   | Found the dreamshard necklace {*Dream Drain}
132885 | Crypt:1  | Entered Level 1 of the Crypt
133360 | Crypt:1  | Noticed Sojobo
133385 | Crypt:1  | Killed Sojobo
133878 | Crypt:2  | Noticed Bai Suzhen
133883 | Crypt:2  | Killed Bai Suzhen
133952 | Crypt:2  | Reached skill level 10 in Shields
134350 | Crypt:2  | Noticed an ancient lich
134355 | Crypt:2  | Killed an ancient lich
134582 | Crypt:3  | Entered Level 3 of the Crypt
134785 | Crypt:3  | Found a staircase to the Tomb.
135292 | Crypt:3  | Noticed an ancient lich
135294 | Crypt:3  | Killed an ancient lich
135303 | Crypt:3  | Identified the ring "Ahituh" {rN+ Int+3 Stlth+}
135303 | Crypt:3  | Identified the ring "Caogir" {+Blink rN+ Dex+6}
135303 | Crypt:3  | Identified the ring "Loebrawu" {rC+ rN+}
135315 | Crypt:3  | Identified the +3 great sword of Nemelex Xobeh's Envy
                  | {heavy, *Slow rC+ Str+3 Int+3}
135321 | Crypt:3  | Identified the +4 dagger "Laufalic" {vamp, Will+ Str+3}
135362 | Crypt:3  | Identified the +6 quick blade of Resourcefulness {heavy,
                  | Will+}
135695 | Tomb:1   | Entered Level 1 of the Tomb of the Ancients
136573 | Tomb:1   | Noticed a royal mummy
136588 | Tomb:1   | Killed a royal mummy
136947 | Tomb:1   | Noticed a royal mummy
136961 | Tomb:1   | Killed a royal mummy
137148 | Tomb:2   | Noticed a royal mummy
137149 | Tomb:2   | Noticed a royal mummy
137149 | Tomb:2   | Noticed a royal mummy
137153 | Tomb:2   | Reached skill level 25 in Spellcasting
137154 | Tomb:2   | Killed a royal mummy
137156 | Tomb:2   | Noticed a royal mummy
137166 | Tomb:2   | Killed a royal mummy
137166 | Tomb:2   | Killed a royal mummy
137169 | Tomb:2   | Killed a royal mummy
138093 | Tomb:1   | Noticed a royal mummy
138103 | Tomb:1   | Killed a royal mummy
138104 | Tomb:1   | Reached skill level 15 in Shields
138115 | Tomb:1   | Noticed a royal mummy
138123 | Tomb:1   | Killed a royal mummy
138211 | Tomb:1   | Noticed a royal mummy
138222 | Tomb:1   | Killed a royal mummy
138227 | Tomb:1   | Noticed a royal mummy
138236 | Tomb:1   | Killed a royal mummy
138250 | Tomb:1   | Noticed a royal mummy
138251 | Tomb:1   | Noticed a royal mummy
138255 | Tomb:1   | Killed a royal mummy
138255 | Tomb:1   | Killed a royal mummy
138257 | Tomb:1   | Noticed a royal mummy
138258 | Tomb:1   | Noticed a royal mummy
138265 | Tomb:1   | Killed a royal mummy
138270 | Tomb:1   | Killed a royal mummy
138393 | Tomb:1   | Noticed a royal mummy
138393 | Tomb:1   | Noticed a royal mummy
138397 | Tomb:1   | Noticed a royal mummy
138403 | Tomb:1   | Killed a royal mummy
138407 | Tomb:1   | Killed a royal mummy
138407 | Tomb:1   | Killed a royal mummy
138523 | Tomb:1   | Noticed a royal mummy
138533 | Tomb:1   | Killed a royal mummy
138551 | Tomb:1   | Noticed a royal mummy
138551 | Tomb:1   | Noticed a royal mummy
138554 | Tomb:1   | Noticed a royal mummy
138554 | Tomb:1   | Noticed a royal mummy
138557 | Tomb:1   | Noticed a royal mummy
138559 | Tomb:1   | Killed a royal mummy
138559 | Tomb:1   | Killed a royal mummy
138559 | Tomb:1   | Killed a royal mummy
138559 | Tomb:1   | Noticed a royal mummy
138560 | Tomb:1   | Killed a royal mummy
138561 | Tomb:1   | Killed a royal mummy
138576 | Tomb:1   | Killed a royal mummy
138577 | Tomb:1   | Reached skill level 26 in Spellcasting
139214 | Tomb:3   | Entered Level 3 of the Tomb of the Ancients
139242 | Tomb:3   | Noticed a royal mummy
139242 | Tomb:3   | Noticed a royal mummy
139242 | Tomb:3   | Noticed a royal mummy
139247 | Tomb:3   | Noticed a royal mummy
139249 | Tomb:3   | Killed a royal mummy
139256 | Tomb:3   | Killed a royal mummy
139258 | Tomb:3   | Noticed a royal mummy
139258 | Tomb:3   | Noticed a royal mummy
139258 | Tomb:3   | Noticed a royal mummy
139258 | Tomb:3   | Noticed Khufu
139260 | Tomb:3   | Killed a royal mummy
139260 | Tomb:3   | Killed a royal mummy
139260 | Tomb:3   | Killed Khufu
139261 | Tomb:3   | Killed a royal mummy
139261 | Tomb:3   | Noticed a royal mummy
139264 | Tomb:3   | Killed a royal mummy
139264 | Tomb:3   | Killed a royal mummy
139266 | Tomb:3   | Killed a royal mummy
139302 | Tomb:3   | Identified the ring of Arrival {rC+ MP+9 Dex+4}
139308 | Tomb:3   | Identified the +0 long sword of the Hidden Beggars {spect,
                  | Will+}
139418 | Tomb:3   | Identified the +2 robe of Curgh {rF+ rN+ Dex+3 Slay-6}
139420 | Tomb:3   | Identified the +10 quarterstaff of the Forsaken Knives
                  | {venom, Will+++ rCorr Int-4 Dex+3}
139421 | Tomb:3   | Identified the +10 scimitar of Shame {holy, rF++ rC+}
139726 | Tomb:3   | Identified the +6 broad axe "Zunyraxt" {antimagic, rElec
                  | SInv}
139824 | Tomb:3   | Got a golden rune of Zot
141219 | Geh:1    | Entered Level 1 of Gehenna
143540 | Geh:7    | Entered Level 7 of Gehenna
143681 | Geh:7    | Noticed the Serpent of Hell
143913 | Geh:7    | Found the +7 sceptre of Asmodeus
143913 | Geh:7    | Noticed Asmodeus
143932 | Geh:7    | Killed Asmodeus
143947 | Geh:7    | Got an obsidian rune of Zot
144325 | Geh:7    | Reached skill level 27 in Spellcasting
145096 | Zot:5    | Got the Orb of Zot
145252 | Zot:1    | Noticed Wodiuci the pandemonium lord
145303 | Depths:3 | Noticed a seraph
145437 | D:11     | Noticed Oteggarr the pandemonium lord
145645 | D:$      | Escaped with the Orb!

Illustrated notes

Levels and vault maps discovered:
D:1:      elethiomel_arrival_shortcut, layout_basic
D:2:      layout_basic
D:3:      layout_basic, old_standard_altar, okawaru_metal_pillars_1_2,
          chequers_garden, guppyfry_early_orc_mine
D:4:      layout_gridville, serial_demonic, serial_demonic_e, serial_demonic_a,
          serial_demonic_a, serial_demonic_a, kennysheep_generic_room_3
D:5:      layout_loops_ring, nicolae_elevator_lobby_asterisk
D:6:      layout_loops_ring, serial_glass, glass_columns_a, glass_columns_b
D:7:      layout_rooms, mainiacjoe_overflow_tiny_flanked,
          grunt_temple_overflow_open, mainiacjoe_overflow_boulevard,
          minmay_temple_entry_from_below_a, nicolae_fountain_basement
D:8:      layout_rooms, nicolae_wu_jian_immortal_techniques, serial_shops,
          kennysheep_mini_moat, special_room [special_room_orc], uniq_pikel
D:9:      layout_basic, mainiacjoe_overflow_catwalk, serial_glass,
          glass_columns_a, glass_columns_c, glass_columns_c, glass_columns_a,
          glass_columns_a, glass_columns_a, serial_shops,
          nicolae_shop_statue_plus, grunt_ministairs_6
D:10:     layout_small_grid, hellmonk_lair_entry_icy, david_orc_2,
          hellmonk_guarded_unrand_frostbite
D:11:     layout_basic, grunt_decor_mini_mirrors, kennysheep_opposing_triangles,
          uniq_erolcha
D:12:     layout_cave_pools, zin_treasury
D:13:     layout_basic, uniq_josephine
D:14:     layout_roguey, ximxim_vaults_locker_room,
          hangedman_abyss_or_decor_stabs
D:15:     hangedman_depths_entry_try_elsewhere_first, layout_irregular_city,
          serial_shops, nicolae_lakefront_shop, uniq_azrael, uniq_jorgrun,
          uniq_louise
Lair:1:   layout_long_grid, gammafunk_ghost_icy
Lair:2:   layout_roguey, nicolae_snake_entry_squirm, gammafunk_lair_bear_cave,
          serial_bayou_shore_b, lemuel_fruit_fields, serial_bayou_shore_b,
          grunt_megastairs_3
Lair:3:   layout_small_grid, skrybe_swamp_entry_bodies, gammafunk_ghost_arena,
          grunt_megastairs_5, uniq_amaemon
Lair:4:   layout_long_grid, slime_entry_2, beast_lair_carwin_11
Lair:5:   gammafunk_lair_ancient_temple, layout_cave_pods,
          portal_ice_cave_entry_imps, serial_bayou_shore_a, uniq_snorg
Swamp:1:  layout_basic_swamp, nicolae_swamp_rocky_clearing,
          nicolae_swamp_soggy_hallways
Swamp:2:  layout_basic_swamp, ebering_ghost_disaster_area,
          nicolae_swamp_decorative_isthmus
Swamp:3:  layout_basic_swamp, nicolae_swamp_well_well_well, swamp_pool2,
          cheibrodos_swamp_pet_leeches
Swamp:4:  swamp_icy, layout_basic_swamp, ldierk_geyser, swamp_pool4
Snake:1:  layout_chambers, serial_shops, nicolae_shop_bloodbath_and_beyond,
          basic_altar, lemuel_fruit_tree, uniq_roxanne
Snake:2:  nicolae_aizul_guard, layout_cave_shapes, nicolae_snake_gridmaze_big_u,
          nicolae_snake_gridmaze_swirls
Snake:3:  nrook_guardian_serpent_snake_passage, layout_basic
Snake:4:  hellmonk_snake_rune_quicksilver_temple, layout_layer_cave, basic_altar
Slime:1:  layout_caves
Slime:2:  layout_caves
Slime:3:  layout_caves
Slime:4:  layout_caves
Slime:5
Orc:1:    layout_caves
Orc:2:    st_orc_pillars, layout_caves, serial_shops, bzr_entry_road,
          mines4_lemuel
Elf:1:    nicolae_elf_arrival_fired_up, layout_onion_city,
          hangedman_elven_crosses_minicolossus, grunt_ministairs_9
Elf:2:    elven_hall_of_blades_hangedman_original [grunt_blade_entry_basic],
          layout_loops_cross, serial_shops, shop, einodemon_crawler_minivault
Elf:3:    grunt_elf_hall_asides, layout_loops_corners, serial_shops, shop,
          minmay_misc_feat_alley
Vaults:1: portal_desolation_entry_garden, v_misc_9, v_misc_24,
          nicolae_vaults_triangles, vaults_room_stairs_pillars,
          dpeg_vaults_hating_casters, nicolae_vaults_shelves_hall,
          vaults_room_pools, nicolae_vaults_yaktaur_gun_rack,
          ontoclasm_vaults_idyll, layout_vaults_omnigrid, uniq_zenata
Vaults:2: hangedman_vaults_stagger, hangedman_vaults_nodes,
          nicolae_vaults_three_branches, v_misc_27, v_misc_27,
          dpeg_vaults_monster_box, v_misc_22, nicolae_vaults_little_squares_5,
          v_misc_15, layout_vaults_maze_bifur
Vaults:3: lightli_enter_wizlab_magi_temple, nicolae_vaults_inception_corners,
          v_misc_12, vaults_dpeg_encased_lava, nicolae_vaults_ring_of_whatevers,
          vaults_room_stairs_pillars, hangedman_vaults_stitches,
          ontoclasm_vaults_fault, vaults_mumra_hex,
          nicolae_vaults_network_square, v_misc_18,
          ontoclasm_vaults_water_temple, v_misc_16, ontoclasm_vaults_pinch,
          vaults_room_pool, grunt_vaults_hallway_short, layout_vaults_omnibox,
          uniq_mara
Vaults:4: v_rooms_4, v_misc_24, grunt_vaults_diagonal, vaults_dpeg_ring,
          v_pattern_5, v_misc_19, hangedman_vaults_slice,
          hangedman_vaults_corner_blocks, vaults_mumra_minichess,
          layout_vaults_chaotic_city, uniq_donald
Vaults:5: serial_shops
Crypt:1:  layout_basic, st_stairs_12, nicolae_danse_macabre, uniq_sojobo
Crypt:2:  layout_chaotic_city, uniq_bai_suzhen
Crypt:3:  david_glass_crypt, layout_rooms, tomb_entry_sphere_bobbens
Tomb:1
Tomb:2
Tomb:3
Depths:1: layout_cave_pools, hell_entry, pan_entry, nrook_mini_backslash,
          lightli_corner_chamber, uniq_asterion
Depths:2: minmay_tearing_corner, layout_cave_pools, enter_ziggurat_c,
          grunt_hell_entry_demonic_statue, abyss_entry, rand_demon_pan_entry_4,
          uniq_aizul
Depths:3: hangedman_grunt_twisty_little_passages, layout_basic,
          minmay_crystal_water, hell_entry, abyss_entry
Depths:4: evilmike_zot_entry_basic, layout_gridville, serial_shops, shop,
          shop_statue, abyss_entry, hangedman_decor_slide_cut, hell_entry
Hell
Dis:1:    layout_overlapping_boxes
Dis:2:    layout_subdivisions
Dis:3:    layout_subdivisions, nicolae_dis_spooky_hallway
Dis:4:    layout_subdivisions
Dis:5:    layout_gridville
Dis:6:    kennysheep_iron_temple, layout_gridville
Dis:7:    iron_city_of_dis [dis_old, dis_wall_7], layout_gridville
Geh:1:    layout_gehenna_lava_caves
Geh:2:    layout_gehenna_pools_box
Geh:3:    layout_gehenna_pools_triple
Geh:4:    layout_gehenna_lava_caves
Geh:5:    layout_gehenna_pools_triple
Geh:6:    layout_gehenna_lava_caves
Geh:7:    geh_hangedman
Coc:1:    layout_ice_bergs, serial_ice, serial_ice_h, serial_ice_b
Coc:2:    layout_cocytus_delve
Coc:3:    layout_ice_bergs
Coc:4:    layout_cocytus_water_paths
Coc:5:    layout_ice_bergs
Coc:6:    layout_cocytus_water_paths
Coc:7:    coc_grunt
Tar:1:    layout_honeycomb
Tar:2:    layout_catacombs, nicolae_tar_spectre_spectrum
Tar:3:    layout_grid_maze, nicolae_tar_four_comb_rooms
Tar:4:    layout_catacombs
Tar:5:    layout_grid_maze, nicolae_hells_fiendish_ambush
Tar:6:    layout_catacombs
Tar:7:    tar_mu [tar_mu_maze]
Zot:1:    layout_concentric_octagons
Zot:2:    layout_basic
Zot:3:    layout_misc_corridors, guppyfry_library_mini, uniq_grunn, uniq_vv
Zot:4:    nicolae_moth_party, layout_onion_interference, nzn_random_ring
Zot:5:    layout_gridville, grunt_megastairs_2

Skill      XL: |  1  2  3  4  5  6  7  8  9 10 11 12 13 14 15 16 17 18 19 20 21 22 23 24 25 26 27 |
---------------+----------------------------------------------------------------------------------+-----
Conjurations   | 2 3 4 5 7 8 9 24 | 24.0
Stealth        | 3 4 5 6 9 10 11 14 15 18 | 18.0
Air Magic      | 4 5 7 9 10 11 12 13 14 15 16 17 24 | 24.0
Spellcasting   | 3 5 6 7 10 11 12 13 14 27 | 27.0
Evocations     | 3 5 7 8 9 10 11 12 14 15 19 | 19.0
Fighting       | 2 5 7 9 10 11 12 13 14 15 16 17 23 | 23.1
Dodging        | 3 5 6 8 10 11 13 14 15 16 24 | 24.5
Transmutations | 3 5 9 13 15 16 17 18 19 21 | 21.0
Hexes          | 2 5 |  5.0
Shields        | 3 4 21 | 21.0
Unarmed Combat | 1 5 6 10 12 14 16 17 18 19 24 | 24.0
Translocations | 3 6 8 10 11 12 20 | 20.0
Necromancy     | 23 | 23.0
Throwing       | 16 | 16.0
Fire Magic     | 20 | 20.0

Action                     |  1- 3 |  4- 6 |  7- 9 | 10-12 | 13-15 | 16-18 | 19-21 | 22-24 | 25-27 || total
---------------------------+-------+-------+-------+-------+-------+-------+-------+-------+-------++-------
  Melee: Unarmed           |     8 |       |     9 |       |       |   124 |   752 |   830 |  4619 ||  6342
         Constrict         |     8 |    11 |     8 |    12 |     3 |     3 |     2 |     4 |    78 ||   129
         Dagger            |     6 |       |       |       |       |       |       |       |       ||     6
         Tentacles         |     5 |     9 |     6 |    13 |    27 |    14 |     5 |    17 |   161 ||   257
         Short sword       |    13 |    26 |       |       |       |       |       |       |       ||    39
         Punch             |     1 |     1 |     1 |     1 |     1 |     5 |    53 |    98 |   740 ||   901
         Morningstar       |       |    24 |    35 |    26 |       |       |       |       |       ||    85
         Executioner's axe |       |       |       |    25 |    53 |       |       |       |       ||    78
         Staff             |       |       |       |     1 |    14 |    27 |    13 |    42 |   147 ||   244
         Trident           |       |       |       |       |    28 |    29 |     2 |       |       ||    59
         Bite              |       |       |       |       |       |    22 |    14 |       |       ||    36
         Tailslap          |       |       |       |       |       |    25 |    24 |       |       ||    49
   Fire: Longbow           |     1 |       |       |       |       |       |       |       |       ||     1
  Throw: Dart              |       |       |       |       |     3 |     4 |       |       |       ||     7
   Cast: Shock             |    73 |    98 |   200 |   144 |    10 |       |       |       |       ||   525
         Airstrike         |       |       |    49 |   267 |   862 |   823 |   154 |     9 |       ||  2164
         Swiftness         |       |       |       |     2 |     2 |       |       |       |       ||     4
         Static Discharge  |       |       |       |     1 |    46 |    41 |       |       |       ||    88
         Stone Arrow       |       |       |       |       |     3 |     5 |       |       |       ||     8
         Irradiate         |       |       |       |       |       |    17 |       |       |     1 ||    18
         Yara's Violent Un |       |       |       |       |       |     6 |    19 |       |     5 ||    30
         Dragon Form       |       |       |       |       |       |    17 |    20 |       |       ||    37
         Storm Form        |       |       |       |       |       |       |    50 |    65 |   407 ||   522
         Manifold Assault  |       |       |       |       |       |       |    10 |    98 |   531 ||   639
         Wereblood         |       |       |       |       |       |       |    35 |    53 |   282 ||   370
         Arcjolt           |       |       |       |       |       |       |       |       |     1 ||     1
         Vhi's Electric Ch |       |       |       |       |       |       |       |       |   191 ||   191
         Ignition          |       |       |       |       |       |       |       |       |    74 ||    74
         Death Channel     |       |       |       |       |       |       |       |       |    71 ||    71
         Chain Lightning   |       |       |       |       |       |       |       |       |    70 ||    70
         Necromutation     |       |       |       |       |       |       |       |       |    32 ||    32
 Invoke: Call Merchant     |       |       |       |       |     1 |       |       |     4 |     4 ||     9
         Potion Petition   |       |       |       |       |       |       |     1 |     1 |    27 ||    29
         Bribe Branch      |       |       |       |       |       |       |       |       |     7 ||     7
Ability: Breathe Fire      |       |       |       |       |       |     9 |     5 |       |       ||    14
         Blinkbolt         |       |       |       |       |       |       |     5 |     4 |       ||     9
  Evoke: Wand              |       |       |     1 |     3 |     7 |    11 |       |       |     6 ||    28
         Tin of tremorston |       |       |       |       |       |       |     3 |       |     8 ||    11
         Condenser vane    |       |       |       |       |       |       |     2 |     5 |     8 ||    15
         Phantom mirror    |       |       |       |       |       |       |     2 |       |     8 ||    10
         Box of beasts     |       |       |       |       |       |       |     2 |       |     3 ||     5
    Use: Scroll            |       |     1 |    10 |     8 |    11 |     7 |    11 |     1 |    18 ||    67
         Potion            |       |       |     2 |       |     1 |     3 |     1 |       |    26 ||    33
   Stab: Sleeping          |     1 |     3 |     1 |       |       |     4 |     7 |     5 |    76 ||    97
         Distracted        |       |       |       |     1 |       |       |    10 |    19 |   127 ||   157
         Confused          |       |       |       |       |       |     1 |       |       |       ||     1
         Paralysed         |       |       |       |       |       |     3 |       |       |       ||     3
         Invisible         |       |       |       |       |       |       |       |       |    21 ||    21
 Armour: Skin              |     4 |     6 |    47 |    15 |    41 |    66 |    80 |    89 |   308 ||   656
  Dodge: Dodged            |    26 |    33 |    70 |   109 |   350 |   622 |   871 |   838 |  4353 ||  7272
  Block: Buckler           |       |       |       |       |       |    51 |     4 |    10 |    34 ||    99

Table legend: (Time is in decaauts)
 A = Elapsed time spent in this place.
 B = Non-inter-level travel time spent in this place.
 C = Inter-level travel time spent in this place.
 D = Time resting spent in this place.
 E = Time spent auto-exploring this place.
 F = Levels seen in this place.
 G = Mean time per level.
                   A        B        C        D        E       F      G
               +--------+--------+--------+--------+--------+-----+--------+
         Total | 143495 | 130289 |  13206 |  22901 |  78731 | 137 | 1047.4 |
       Dungeon |  27936 |  23922 |   4014 |   9020 |  11209 |  15 | 1862.4 |
          Lair |  13490 |  11558 |   1932 |   3790 |   5891 |   5 | 2698.0 |
         Swamp |   4651 |   4312 |    339 |   1232 |   2361 |   4 | 1162.8 |
     Snake Pit |   8747 |   8182 |    565 |   1768 |   5111 |   4 | 2186.8 |
    Slime Pits |   3331 |   2949 |    382 |    291 |   2137 |   5 |  666.2 |
  Orcish Mines |   3208 |   2827 |    381 |    586 |   1583 |   2 | 1604.0 |
   Elven Halls |   4932 |   4717 |    215 |   1159 |   2707 |   3 | 1644.0 |
        Vaults |   8403 |   6948 |   1455 |    443 |   4918 |   5 | 1680.6 |
         Crypt |   3012 |   2652 |    360 |    187 |   1844 |   3 | 1004.0 |
          Tomb |   4112 |   3629 |    483 |    181 |   2639 |   3 | 1370.7 |
        Depths |   7429 |   6196 |   1233 |    597 |   4082 |   4 | 1857.2 |
          Hell |   1358 |   1066 |    292 |    284 |    486 |   1 | 1358.0 |
           Dis |   4597 |   4451 |    146 |    532 |   3127 |   7 |  656.7 |
       Gehenna |   3465 |   3323 |    142 |    225 |   2302 |   7 |  495.0 |
       Cocytus |   4178 |   4005 |    173 |    238 |   2954 |   7 |  596.9 |
      Tartarus |   6371 |   6112 |    259 |    766 |   4190 |   7 |  910.1 |
           Zot |   7148 |   6318 |    830 |    509 |   4649 |   5 | 1429.6 |
         Abyss |   1631 |   1631 |      0 |      0 |    186 |   6 |  271.8 |
   Pandemonium |  16860 |  16860 |      0 |    381 |  11316 |  13 | 1296.9 |
      Ziggurat |   5613 |   5613 |      0 |    161 |   3588 |  27 |  207.9 |
        Bazaar |    131 |    131 |      0 |      0 |    107 |   1 |  131.0 |
      Ice Cave |    838 |    838 |      0 |    442 |    201 |   1 |  838.0 |
        Wizlab |    681 |    681 |      0 |      1 |    383 |   1 |  681.0 |
    Desolation |   1361 |   1361 |      0 |    105 |    758 |   1 | 1361.0 |
               +--------+--------+--------+--------+--------+-----+--------+

Top non-repeatable levels by time:
   Tar:7: 3681 daAuts
     D:9: 3318 daAuts
 Snake:4: 3048 daAuts
  Lair:4: 2976 daAuts
  Lair:3: 2877 daAuts
  Lair:1: 2781 daAuts
   Elf:3: 2610 daAuts
  Lair:2: 2550 daAuts
   Orc:2: 2482 daAuts
    D:15: 2464 daAuts
Depths:2: 2441 daAuts
    D:10: 2440 daAuts
   Dis:7: 2413 daAuts
  Lair:5: 2304 daAuts
     D:8: 2249 daAuts
